 Dungeon Crawl Stone Soup version 0.23-a0-395-gcf17ac6 (webtiles) character file.

1368269 Dawnplanks the Minotaur Barricade (level 27, 0/271 (273) HPs)
             Began as a Minotaur Berserker on Oct 31, 2018.
             Was the Champion of the Shining One.
             Succumbed to poison (dark miasma)
             ... on level 3 of the Tomb of the Ancients on Nov 1, 2018.
             The game lasted 10:44:18 (101622 turns).

Dawnplanks the Minotaur Barricade (MiBe)          Turns: 101622, Time: 10:44:21

HP:   0/271 (273)   AC: 54    Str: 50    XL:     27
MP:   30/48         EV: 39    Int: 10    God:    the Shining One [******]
Gold: 6122          SH: 64    Dex: 29    Spells: 17/26 levels left

rFire    + + +     SeeInvis +   X - +18 lance "Wyrmbane" {slay drac, rPois rF+ rC+ AC+3}
rCold    + + .     Gourm    .   G - +2 large shield "Kaimn" {Regen+ Str+4 Dex+10}
rNeg     + + +     Faith    .   N - +12 gold dragon scales
rPois    +         Spirit   .   p - +0 mask of the Dragon {MR+ Slay+3 SInv}
rElec    +         Reflect  +   n - +2 cloak {MR+}
rCorr    .         Harm     .   r - +2 pair of gloves "Maxoa" {*Drain rElec rF+ Regen+}
MR       ++++.     Clarity  +   K - +2 pair of boots of the Assassin {Detection Stab+ Stlth++} Stlth ..........Rnd*Tele +
                                A - brooch of Shielding {Reflect SH+8}
HPRegen  0.00/turn              L - ring "Cophiot" {MP+9 Str+5 Slay+2 SInv}
MPRegen  0.31/turn              M - ring "Lubutu" {rN+ MR- Str+8 Int+5}

@: mighty, agile, lethally poisoned (0 -> -17), divine shield, very slightly
contaminated, non-regenerating, diseased, slowed, glowing, very slow
A: retaliatory headbutt, horns 2, large bone plates 1, clarity, magic resistance
1, poison resistance, screaming 1, teleportitis 1, weak 1, subdued magic 2
}: 13/15 runes: decaying, serpentine, slimy, silver, iron, obsidian, icy, bone,
demonic, glowing, magical, fiery, dark
a: Divine Shield, Cleansing Flame, Summon Divine Warrior, Renounce Religion


You were on level 3 of the Tomb of the Ancients.
You worshipped the Shining One.
The Shining One was exalted by your worship.
You were full.

You visited 18 branches of the dungeon, and saw 90 of its levels.
You visited Pandemonium 1 time, and saw 12 of its levels.
You completed 1 ziggurat, and saw 27 of its levels.
You also visited: Trove.

You collected 13697 gold pieces.
You spent 7575 gold pieces at shops.

Inventory:

Hand Weapons
 d - the +9 hand crossbow of Zuonlej {flame, +Blink Str+2 Int+4 Stlth+}
   (You found it on level 5 of the Pits of Slime)

   It causes projectiles fired from it to burn those they strike, causing extra
   injury to most foes and up to half again as much damage against particularly
   susceptible opponents.
   It affects your strength (+2).
   It affects your intelligence (+4).
   It lets you blink.
   It makes you more stealthy.
 o - the +7 hand crossbow of Miannaegg {penet, rF+ rN+ Dex+2}
   (You found it on level 5 of the Pits of Slime)

   Ammo fired by it will pass through the targets it hits, potentially hitting
   all targets in its path until it reaches maximum range.
   It affects your dexterity (+2).
   It protects you from fire.
   It protects you from negative energy.
 v - a +9 sacred scourge of holy wrath
 X - the +18 lance "Wyrmbane" (weapon) {slay drac, rPois rF+ rC+ AC+3}
   (You took it off Antaeus on level 7 of Cocytus)

   It affects your AC (+3).
   It protects you from fire.
   It protects you from cold.
   It protects you from poison.
Missiles
 j - 570 bolts (quivered)
Armour
 g - the +3 crown of Dyrovepreva {rElec Int+2 SInv}
   (You acquired it on level 25 of a ziggurat)

   It affects your intelligence (+2).
   It insulates you from electricity.
   It lets you see invisible.
 n - a +2 cloak of magic resistance (worn)
 p - the +0 mask of the Dragon (worn) {MR+ Slay+3 SInv}
   (You found it on level 24 of a ziggurat)

   It affects your accuracy and damage with ranged weapons and melee attacks
   (+3).
   It affects your resistance to hostile enchantments.
   It lets you see invisible.
 r - the +2 pair of gloves "Maxoa" (worn) {*Drain rElec rF+ Regen+}
   (You found it on level 3 of the Vaults)

   It protects you from fire.
   It insulates you from electricity.
   It increases your rate of regeneration.
   It causes draining when unequipped.
 y - a scarf of spirit shield
 z - a +2 hat of magic resistance {Crown of the Fortunate One}
 G - the +2 large shield "Kaimn" (worn) {Regen+ Str+4 Dex+10}
   (You found it on level 3 of the Snake Pit)

   It affects your strength (+4).
   It affects your dexterity (+10).
   It increases your rate of regeneration.
 K - the +2 pair of boots of the Assassin (worn) {Detection Stab+ Stlth++}
   (You bought it in a shop on level 4 of the Depths)

   It makes you much more stealthy.
 N - +12 gold dragon scales (worn)
 R - the +12 chain mail of Dim Light {rF+ rC+ MR+}
   (You found it on level 24 of a ziggurat)

   It protects you from fire.
   It protects you from cold.
   It affects your resistance to hostile enchantments.
Jewellery
 e - an uncursed ring of stealth
 l - an amulet of Qowkij {Acrobat rElec rPois rF+ Stlth+}
   (You found it on level 14 of a ziggurat)

   [amulet of the acrobat]

   It helps you evade while moving and waiting.
   It protects you from fire.
   It insulates you from electricity.
   It protects you from poison.
   It makes you more stealthy.
 q - the ring of Qaaliseq {Fire rElec Int+3 Dex+6}
   (You found it on level 19 of a ziggurat)

   [ring of fire]

   It enhances your fire magic.
   It affects your intelligence (+3).
   It affects your dexterity (+6).
   It protects you from fire.
   It makes you vulnerable to cold.
   It insulates you from electricity.
 u - the amulet of Sotill {Spirit +Blink rF+++ rC- Str-5}
   (You found it on level 21 of a ziggurat)

   [amulet of guardian spirit]

   It causes incoming damage to be split between your health and magic.
   It affects your strength (-5).
   It renders you almost immune to fire.
   It makes you vulnerable to cold.
   It lets you blink.
 A - the brooch of Shielding (around neck) {Reflect SH+8}
   (You found it on level 24 of a ziggurat)

   [amulet of reflection]

   It shields you and reflects attacks.
   It affects your SH (+8).
 B - the macabre finger necklace {rN+}
   (You found it on level 7 of Gehenna)

   [amulet of nothing]

   It protects you from negative energy.
 L - the ring "Cophiot" (left hand) {MP+9 Str+5 Slay+2 SInv}
   (You acquired it on level 2 of the Orcish Mines)

   [ring of magical power]

   It affects your strength (+5).
   It affects your accuracy and damage with ranged weapons and melee attacks
   (+2).
   It affects your magic capacity (+9).
   It lets you see invisible.
 M - the ring "Lubutu" (right hand) {rN+ MR- Str+8 Int+5}
   (You found it on level 18 of a ziggurat)

   [ring of positive energy]

   It affects your strength (+8).
   It affects your intelligence (+5).
   It protects you from negative energy.
   It affects your resistance to hostile enchantments.
 Q - a ring of the Octopus King {AC+1 EV+1 Str+1 Int+1 Dex+1 SInv}
   (You found it on level 5 of the Vaults)

   [ring of see invisible]

   It affects your AC (+1).
   It affects your evasion (+1).
   It affects your strength (+1).
   It affects your intelligence (+1).
   It affects your dexterity (+1).
   It lets you see invisible.
 S - the ring of Guomemp {-Tele rPois Dex+2 Slay+4}
   (You found it on level 13 of a ziggurat)

   [ring of poison resistance]

   It affects your dexterity (+2).
   It affects your accuracy and damage with ranged weapons and melee attacks
   (+4).
   It protects you from poison.
   It prevents most forms of teleportation.
 T - the ring "Wies" {rCorr Int+4}
   (You found it on level 5 of the Vaults)

   [ring of resist corrosion]

   It affects your intelligence (+4).
 W - the amulet "Dicrarar" {Spirit rN+ MR+ Str-2 Int+6}
   (You found it on level 25 of a ziggurat)

   [amulet of guardian spirit]

   It causes incoming damage to be split between your health and magic.
   It affects your strength (-2).
   It affects your intelligence (+6).
   It protects you from negative energy.
   It affects your resistance to hostile enchantments.
Wands
 a - a wand of digging (42)
Scrolls
 f - 47 scrolls of remove curse
 i - 35 scrolls of teleportation
 m - 15 scrolls of fog
 s - 11 scrolls of fear
 t - 4 scrolls of blinking
 C - 8 scrolls of identify
 D - a scroll of amnesia
 F - 5 scrolls of silence
 H - 2 scrolls of holy word
 J - 22 scrolls of enchant weapon
 P - 15 scrolls of magic mapping
 U - 8 scrolls of enchant armour
Potions
 h - 10 potions of agility
 k - 29 potions of curing
 w - 16 potions of flight
 x - 3 potions of berserk rage
 E - 2 potions of brilliance
 I - 12 potions of mutation
 O - 6 potions of might
 V - 7 potions of cancellation
 Y - 2 potions of resistance
Miscellaneous
 Z - a +1 figurine of a ziggurat
Comestibles
 c - 81 rations


   Skills:
 O Level 27 Fighting
   Level 10.9(26.0) Axes
 O Level 27 Maces & Flails
 O Level 27 Polearms
 - Level 10.0 Crossbows
 O Level 27 Armour
 O Level 27 Dodging
 O Level 27 Shields
 - Level 11.5 Summonings
 + Level 24.4 Translocations
 O Level 27 Invocations


You had 17 spell levels left.
You knew the following spells:

 Your Spells              Type           Power        Failure   Level  Hunger
a - Summon Butterflies    Summ           ##......     1%          1    ##.....
b - Recall                Summ/Tloc      N/A          1%          3    ####...
c - Blink                 Tloc           N/A          0%          2    ###....
d - Lesser Beckoning      Tloc           ####......   0%          3    ####...

Your spell library contained the following spells:

 Spells                   Type           Power        Failure   Level  Hunger
 Apportation              Tloc           ####..       0%          1    ##.....
 Gell's Gravitas          Tloc           ####......   0%          3    ####...
 Teleport Other           Tloc           ####....     0%          3    ####...
 Passage of Golubria      Tloc           N/A          0%          4    #####..
 Summon Small Mammal      Summ           ##..         1%          1    ##.....
 Call Imp                 Summ           ##......     1%          2    ###....
 Shroud of Golubria       Chrm/Tloc      ###.......   1%          2    ###....
 Call Canine Familiar     Summ           ##......     1%          3    ####...
 Portal Projectile        Hex/Tloc       ###...       1%          3    ####...
 Summon Forest            Summ/Tloc      ###.......   1%          5    ######.
 Dispersal                Tloc           ####......   1%          6    #######
 Force Lance              Conj/Tloc      ###.....     4%          4    #####..
 Aura of Abjuration       Summ           ##........   19%         5    ######.
 Summon Demon             Summ           ##........   19%         5    ######.
 Summon Guardian Golem    Hex/Summ       #.......     22%         3    ####...
 Controlled Blink         Tloc           N/A          22%         8    #######
 Disjunction              Tloc           ####......   22%         8    #######
 Malign Gateway           Summ/Tloc      ###.......   41%         7    #######
 Summon Ice Beast         Ice/Summ       #.......     61%         4    #####..
 Summon Lightning Spire   Summ/Air       #.......     61%         4    #####..
 Animate Skeleton         Necr           N/A          63%         1    ##.....
 Beastly Appendage        Tmut           #.....       63%         1    ##.....
 Confusing Touch          Hex            #.....       63%         1    ##.....
 Corona                   Hex            #......      63%         1    ##.....
 Flame Tongue             Conj/Fire      #....        63%         1    ##.....
 Freeze                   Ice            #...         63%         1    ##.....
 Infusion                 Chrm           #...         63%         1    ##.....
 Magic Dart               Conj           #...         63%         1    ##.....
 Pain                     Necr           #...         63%         1    ##.....
 Sandblast                Erth           #.....       63%         1    ##.....
 Shock                    Conj/Air       #...         63%         1    ##.....
 Sting                    Conj/Pois      #...         63%         1    ##.....
 Shadow Creatures         Summ           N/A          73%         6    #######
 Corpse Rot               Necr           N/A          78%         2    ###....
 Ensorcelled Hibernation  Hex/Ice        #.....       78%         2    ###....
 Passwall                 Tmut/Erth      #.......     78%         2    ###....
 Poisonous Vapours        Pois/Air       #.....       78%         2    ###....
 Searing Ray              Conj           #.....       78%         2    ###....
 Slow                     Hex            #.......     78%         2    ###....
 Song of Slaying          Chrm           #.......     78%         2    ###....
 Sticks to Snakes         Tmut           #.......     78%         2    ###....
 Sublimation of Blood     Necr           #.........   78%         2    ###....
 Swiftness                Chrm/Air       #.......     78%         2    ###....
 Throw Flame              Conj/Fire      #.....       78%         2    ###....
 Throw Frost              Conj/Ice       #.....       78%         2    ###....
 Summon Mana Viper        Hex/Summ       #.......     92%         5    ######.
 Confuse                  Hex            #.......     95%         3    ####...
 Conjure Flame            Conj/Fire      #.......     95%         3    ####...
 Dazzling Spray           Conj/Hex       #.....       95%         3    ####...
 Ignite Poison            Fire/Tmut/Pois #.......     95%         3    ####...
 Inner Flame              Hex/Fire       #.......     95%         3    ####...
 Mephitic Cloud           Conj/Pois/Air  #.......     95%         3    ####...
 Ozocubu's Armour         Chrm/Ice       #.......     95%         3    ####...
 Regeneration             Chrm/Necr      #.........   95%         3    ####...
 Spectral Weapon          Hex/Chrm       #.......     95%         3    ####...
 Spider Form              Tmut/Pois      #.........   95%         3    ####...
 Static Discharge         Conj/Air       #.......     95%         3    ####...
 Stone Arrow              Conj/Erth      #.....       95%         3    ####...
 Tukima's Dance           Hex            #.......     95%         3    ####...
 Vampiric Draining        Necr           #.........   95%         3    ####...
 Airstrike                Air            #.........   100%        4    #####..
 Animate Dead             Necr           N/A          100%        4    #####..
 Cause Fear               Hex            #.........   100%        4    #####..
 Ice Form                 Ice/Tmut       #.......     100%        4    #####..
 Leda's Liquefaction      Hex/Erth       #.........   100%        4    #####..
 Olgreb's Toxic Radiance  Pois           #.......     100%        4    #####..
 Petrify                  Tmut/Erth      #.......     100%        4    #####..
 Sticky Flame             Conj/Fire      #.......     100%        4    #####..
 Throw Icicle             Conj/Ice       #.......     100%        4    #####..
 Agony                    Necr           #.......     100%        5    ######.
 Alistair's Intoxication  Tmut/Pois      #.......     100%        5    ######.
 Blade Hands              Tmut           #.........   100%        5    ######.
 Bolt of Draining         Conj/Necr      #.........   100%        5    ######.
 Bolt of Magma            Conj/Fire/Erth #.........   100%        5    ######.
 Borgnjor's Vile Clutch   Necr/Erth      #.........   100%        5    ######.
 Dispel Undead            Necr           #.......     100%        5    ######.
 Excruciating Wounds      Chrm/Necr      #.........   100%        5    ######.
 Fireball                 Conj/Fire      #.........   100%        5    ######.
 Irradiate                Conj/Tmut      #.........   100%        5    ######.
 Iskenderun's Battlesphe  Conj/Chrm      #.......     100%        5    ######.
 Lee's Rapid Deconstruct  Erth           #.........   100%        5    ######.
 Lightning Bolt           Conj/Air       #.........   100%        5    ######.
 Metabolic Englaciation   Hex/Ice        #.........   100%        5    ######.
 Silence                  Hex/Air        #.........   100%        5    ######.
 Venom Bolt               Conj/Pois      #.........   100%        5    ######.
 Yara's Violent Unravell  Hex/Tmut       #.........   100%        5    ######.
 Bolt of Cold             Conj/Ice       #.........   100%        6    #######
 Bolt of Fire             Conj/Fire      #.........   100%        6    #######
 Darkness                 Hex            #.........   100%        6    #######
 Death Channel            Necr           #.........   100%        6    #######
 Deflect Missiles         Chrm/Air       #.........   100%        6    #######
 Freezing Cloud           Conj/Ice/Air   #.........   100%        6    #######
 Hydra Form               Tmut           #.........   100%        6    #######
 Invisibility             Hex            #.......     100%        6    #######
 Iron Shot                Conj/Erth      #.........   100%        6    #######
 Ozocubu's Refrigeration  Ice            #.........   100%        6    #######
 Poison Arrow             Conj/Pois      #.........   100%        6    #######
 Simulacrum               Ice/Necr       #.........   100%        6    #######
 Statue Form              Tmut/Erth      #........    100%        6    #######
 Dragon Form              Tmut           #.........   100%        7    #######
 Haunt                    Necr/Summ      #.........   100%        7    #######
 Ring of Flames           Chrm/Fire      #.........   100%        7    #######
 Spellforged Servitor     Conj/Summ      #.........   100%        7    #######
 Summon Hydra             Summ           ##........   100%        7    #######
 Borgnjor's Revivificati  Necr           #.........   100%        8    #######
 Chain Lightning          Conj/Air       #.........   100%        8    #######
 Death's Door             Chrm/Necr      #.........   100%        8    #######
 Discord                  Hex            #.........   100%        8    #######
 Ignition                 Fire           #.........   100%        8    #######
 Infestation              Necr           #.........   100%        8    #######
 Lehudib's Crystal Spear  Conj/Erth      #.........   100%        8    #######
 Necromutation            Tmut/Necr      #.........   100%        8    #######
 Dragon's Call            Summ           ##........   100%        9    #######
 Fire Storm               Conj/Fire      #.........   100%        9    #######
 Glaciate                 Conj/Ice       #.........   100%        9    #######
 Shatter                  Erth           #.........   100%        9    #######


Dungeon Overview and Level Annotations

Branches:
Dungeon (15/15)            Temple (1/1) D:6            Lair (6/6) D:10
  Swamp (4/4) Lair:4        Snake (4/4) Lair:3        Slime (5/5) Lair:6
    Orc (2/2) D:11            Elf (3/3) Orc:2        Vaults (5/5) D:13
  Crypt (3/3) Vaults:3       Tomb (3/3) Crypt:3      Depths (5/5) D:15
   Hell (1/1)                 Dis (7/7) Hell            Geh (7/7) Hell
    Coc (7/7) Hell            Tar (7/7) Hell            Zot (5/5) Depths:5

Altars:
Ashenzari
Cheibriados
Dithmenos
Elyvilon
Fedhas
Gozag
Hepliaklqana
Kikubaaqudgha
Makhleb
Nemelex Xobeh
Okawaru
Qazlal
Ru
Sif Muna
Trog
Uskayaw
Vehumet
Wu Jian
Xom
Yredelemnul
Zin
The Shining One
Jiyva

Shops:
Orc:2 =[*:   Elf:2 *   Elf:3 [   Vaults:5 ?!?   Depths:4 (![

Portals:
Hell: Depths:1 Depths:2 Depths:3 Depths:4 Depths:5
Abyss: Depths:2 Depths:4
Pandemonium: Depths:3

Annotations:
Coc:7 exclusion: ice statue


Innate Abilities, Weirdness & Mutations

You reflexively headbutt those who attack you in melee.
You have a pair of horns on your head.
You are partially covered in large bone plates. (SH +4)
You possess an exceptional clarity of mind.
You are resistant to hostile enchantments. (MR+)
Your system is resistant to poisons. (rPois)
You occasionally shout uncontrollably at your foes.
You are occasionally teleported next to monsters.
You are weak. (Str -2)
Your spells are easier to cast, but less powerful.


Message History

The golden flame engulfs you!
The golden flame engulfs the guardian mummy.
The guardian mummy writhes in agony!
You destroy the guardian mummy!
The Shining One accepts your kill.
You feel your power returning.
You feel extremely nervous for a moment...
You convulse helplessly as pain tears through your body!
The Shining One protects you from harm!
The golden flame engulfs the red devil.
The red devil writhes in agony!
The red devil is heavily wounded.
The golden flame engulfs the lich.
The lich writhes in agony!
You destroy the lich!
The Shining One accepts your kill.
The golden flame engulfs the ushabti.
The ushabti is severely damaged.
You feel somewhat less full.
You are suddenly yanked towards some nearby monsters!
Your surroundings suddenly seem different.
You die...

##...)..).#
#$%$$........M##..))..##
#$$$$$%$......##....(.#
#$$$$$$s......M#......#
#$$$s$$$$......#...)..#
#$$$$$$$$.....M......'
#$$$|$$?$....#..$...#
#$$$$[$.....#.....§#
#$$@$$$...##......#
##?:$$$...##......#
##[$$$$$###......#
##$$%$## #......# #####
########


You could see 2 death scarabs and 2 mummies.

Vanquished Creatures
  Cerebov (Pan)
  Antaeus (Coc:7)
  19 pandemonium lords
  Asmodeus (Geh:7)
  the Royal Jelly (Slime:5)
  Ignacio (Pan)
  Ereshkigal (Tar:7)
  Lom Lobon (Pan)
  the Serpent of Hell (Coc:7)
  Mnoleg (Pan)
  6 ancient liches
  Dispater (Dis:7)
  6 orbs of fire
  Mara (Vaults:3)
  2 juggernauts
  19 greater mummies
  Sojobo (Crypt:1)
  Saint Roka (Elf:2)
  the Lernaean hydra (Swamp:4)
  8 shard shrikes
  Bai Suzhen (Crypt:3)
  A curse toe (Zot:3)
  5 caustic shrikes
  Vashnia (Snake:3)
  16 Killer Klowns
  Geryon (Hell)
  12 golden dragons
  The ghost of Kimarot the Slayer, an adept MiFi of Hepliaklqana (Depths:1)
  Jory (Crypt:1)
  Nikola (Swamp:3)
  6 electric golems
  the Enchantress (Depths:5)
  7 doom hounds
  11 iron giants
  6 bone dragons
  24 Tzitzimimeh
  24 Brimstone Fiends
  16 tentacled monstrosities
  25 Hell Sentinels
  14 Ice Fiends
  18 liches
  2 quicksilver dragons (shapeshifter) (Zig:26)
  25 Orb Guardians (Zot:5)
  30 acid blobs
  10 quicksilver dragons
  10 titans
  2 deep elf blademasters (Elf:3)
  2 deep elf master archers (Elf:3)
  24 Executioners
  Frances (D:12)
  2 eldritch tentacles
  13 ancient champions
  9 death cobs
  A sphinx (shapeshifter) (Zig:26)
  A tentacled starspawn (Zig:18)
  10 sphinxes
  16 storm dragons
  2 thorn hunters
  Donald (Elf:1)
  7 tengu reavers
  A shadow dragon (shapeshifter) (Zig:26)
  24 shadow dragons
  Kirke (D:12)
  47 nagarajas
  10 revenants
  15 fire giants
  6 draconian monks
  17 azure jellies
  3 orc warlords
  9 frost giants
  Roxanne (Snake:1)
  An iron dragon (shapeshifter) (Zig:26)
  11 draconian knights
  13 iron dragons
  6 ghost moths (Zig:22)
  Louise (Elf:2)
  11 deep elf sorcerers
  15 vault wardens
  A frost giant (shapeshifter) (Zig:26)
  4 caustic shrike zombies
  11 draconian scorchers
  4 warmongers (Pan)
  38 balrugs
  4 deep elf elementalists
  13 draconian shifters
  A ghoul (Crypt:1)
  13 cacodemons
  4 emperor scorpions (Zig:22)
  An angel (Pan)
  9 draconian annihilators
  8 curse skulls
  The ghost of Cryolive the Geomancer, a journeyman GrEE of Vehumet (D:13)
  4 juggernaut zombies
  3 draconian stormcallers
  4 elemental wellsprings (Coc:7)
  58 reapers
  12 war gargoyles
  18 ironheart preservers
  2 caustic shrike skeletons (Zig:17)
  5 entropy weavers
  34 stone giants
  2 juggernaut skeletons
  A stone giant (shapeshifter) (Zig:26)
  4 spriggan defenders
  31 very ugly things
  8 deep elf demonologists
  4 blood saints (Pan)
  5 black suns (Pan)
  6 corrupters
  10 lorocyprocas (Pan)
  21 vampire knights
  Nessos (Lair:6)
  20 black draconians
  4 dire elephants (Zig:13)
  13 green draconians
  8 deep elf annihilators
  13 white draconians
  10 bennus
  11 red draconians
  3 spark wasps
  21 yellow draconians
  9 purple draconians
  26 mummy priests
  17 green deaths
  8 eidola
  21 ettins
  Snorg (Lair:5)
  21 blizzard demons
  3 crystal guardians (Zig:19)
  Josephine (Lair:5)
  11 deep elf death magi
  15 death oozes
  8 quicksilver dragon zombies
  14 great orbs of eyes
  6 deep elf high priests
  10 fire dragons
  12 yaktaur captains
  26 jiangshi
  Erolcha (D:9)
  A kraken zombie (Hell)
  29 naga warriors
  20 ice dragons
  A hell beast (Pan)
  8 shambling mangroves
  7 monstrous demonspawn (Pan)
  6 rakshasas
  32 hydras
  A merfolk avatar (Lair:6)
  3 ghost crabs
  Harold (Lair:1)
  6 spriggan air magi
  17 vault guards
  15 anacondas
  7 quicksilver dragon skeletons
  13 ogre magi
  9 centaur warriors
  18 alligators
  6 death knights
  4 catoblepae
  40 death scarabs
  39 two-headed ogres
  A two-headed ogre (shapeshifter) (Vaults:5)
  27 dancing weapons
  4 deep troll shamans
  A death yak (Vaults:1)
  25 vampire magi
  A deep troll earth mage (Depths:4)
  2 tengu warriors
  28 hell hogs
  5 spriggan berserkers
  6 titan zombies
  24 naga sharpshooters
  A thrashing horror (Zig:18)
  20 shock serpents
  30 deep elf knights
  4 orc high priests (Orc:2)
  55 sun demons
  23 hell knights
  An iron troll (shapeshifter) (Zig:26)
  7 salamander mystics
  7 fire crabs
  63 soul eaters
  2 wretched stars (Zig:18)
  6 iron golems
  114 skeletal warriors
  10 storm dragon zombies
  10 infernal demonspawn (Pan)
  30 shadow wraiths
  2 gelid demonspawn (Pan)
  11 sixfirhies
  A spatial maelstrom (Zig:18)
  4 death drakes
  4 titan skeletons
  5 spriggan druids
  A swamp dragon (shapeshifter) (Zig:26)
  4 ghost moth zombies
  10 torturous demonspawn (Pan)
  12 golden dragon zombies
  9 anaconda zombies
  11 deep trolls
  26 shadow demons
  16 flayed ghosts
  15 naga ritualists
  5 storm dragon skeletons
  14 iron trolls
  6 unseen horrors
  A sea snake (Lair:6)
  An obsidian statue (Depths:5)
  3 glowing orange brains
  13 swamp dragons
  15 deep elf archers
  6 wizards
  17 necromancers
  11 anaconda skeletons
  5 tengu zombies
  Pikel (D:6)
  A lindwurm (shapeshifter) (Vaults:3)
  2 kraken simulacra (Coc:7)
  56 deep elf magi
  3 harpies (shapeshifter)
  14 harpies
  5 golden dragon skeletons
  8 shadow dragon zombies
  6 orc sorcerers
  28 phantasmal warriors
  2 sphinx zombies
  6 orb spiders (Zig:22)
  18 ironbrand convokers
  17 mana vipers
  5 wolf spider zombies
  10 iron dragon zombies
  6 tengu skeletons
  8 oklob plants
  15 wolf spiders
  22 orc knights
  6 fire giant zombies
  18 salamanders
  9 shining eyes
  23 cyclopes
  2 manticores (Lair:6)
  8 shadow dragon skeletons
  An elephant (shapeshifter) (Vaults:1)
  21 elephants
  64 ugly things
  5 stone giant zombies
  161 slime creatures
  4 centaur zombies
  7 fire giant skeletons
  3 iron dragon skeletons
  55 smoke demons
  30 moths of wrath
  A manticore (shapeshifter) (Zig:26)
  8 dire elephant zombies
  14 frost giant zombies
  A moth of wrath (shapeshifter) (Vaults:5)
  2 shock serpent zombies
  A guardian serpent (shapeshifter) (Vaults:1)
  61 black mambas
  5 frost giant skeletons
  22 guardian serpents
  29 rust devils
  7 vault sentinels
  An ice statue (Zig:16)
  15 eyes of devastation
  9 stone giant skeletons
  28 naga magi
  A water nymph (Zig:1)
  3 titan simulacra
  A torpor snail (shapeshifter) (Zig:26)
  5 apocalypse crabs (Zig:26)
  3 centaur skeletons
  A shock serpent skeleton (Coc:6)
  6 gargoyles
  3 storm dragon simulacra (Coc:7)
  18 orange demons
  4 spriggan skeletons
  25 spiny frogs
  A spiny frog (shapeshifter) (Vaults:1)
  2 torpor snails (Zig:19)
  9 molten gargoyles
  A yellow draconian zombie (Coc:1)
  An emperor scorpion zombie (Tar:1)
  2 kobold demonologists (D:15)
  29 hellions
  A death yak zombie (Crypt:3)
  3 catoblepas zombies
  5 spectral swamp worms (Depths:4)
  An elephant slug zombie (Crypt:1)
  16 demonic crawlers
  8 komodo dragons
  8 rime drakes
  37 freezing wraiths
  8 dire elephant skeletons
  51 guardian mummies
  22 efreet
  36 hellwings (Pan)
  25 yaktaurs
  43 tormentors
  6 anaconda simulacra
  A harpy zombie (Geh:6)
  A troll (shapeshifter) (Vaults:3)
  34 ice devils
  3 tengu conjurers
  A komodo dragon (shapeshifter) (D:15)
  A ghost moth simulacrum (Hell)
  An iron troll skeleton (Crypt:2)
  4 silent spectres
  15 trolls
  2 yaktaur skeletons
  A jumping spider (shapeshifter) (D:15)
  9 jumping spiders
  14 polar bears
  A polar bear (shapeshifter) (Vaults:1)
  2 sea snake skeletons (Crypt:2)
  A catoblepas skeleton (Hell)
  22 hydra zombies
  45 red devils
  A hornet (shapeshifter) (D:15)
  2 harpy skeletons
  11 tyrant leeches
  41 hornets
  3 wind drakes
  Prince Ribbit (D:7)
  5 ice dragon zombies
  11 bog bodies
  A wolf spider simulacrum (D:14)
  5 hydra skeletons
  A fire giant simulacrum (Coc:7)
  2 human simulacra
  6 ettin zombies
  25 blink frogs
  A slime creature (shapeshifter) (Vaults:5)
  6 alligator zombies
  6 fire dragon zombies
  8 hippogriffs
  12 dream sheep
  2 dream sheep (shapeshifter)
  2 snapping turtles (shapeshifter)
  A snapping turtle (Slime:5)
  A black mamba zombie (Tar:1)
  An iron dragon simulacrum (Crypt:2)
  A meliai zombie (D:10)
  A shapeshifter (Vaults:2)
  A stone giant simulacrum (Tar:4)
  13 starcursed masses (Zig:18)
  3 alligator skeletons
  114 flying skulls
  6 ettin skeletons
  23 ynoxinuls
  2 air elementals
  32 shadows
  13 spriggans
  2 spriggans (shapeshifter)
  11 fire dragon skeletons
  7 redbacks
  6 ice dragon skeletons
  2 black mamba skeletons
  51 wraiths
  A yak (shapeshifter) (Vaults:2)
  20 vampires (Crypt:3)
  55 yaks
  11 tarantellas
  14 ushabtiu
  6 wyverns
  30 fire elementals
  2 hogs (D:12)
  A human (shapeshifter) (D:15)
  6 basilisks
  Eustachio (D:6)
  A human (D:12)
  16 water elementals
  13 golden eyes
  19 chaos spawn
  Grum (D:9)
  2 small abominations (Zig:18)
  A steam dragon (Lair:4)
  A basilisk (shapeshifter) (Zig:18)
  22 vampire mosquitoes
  18 neqoxecs (Pan)
  5 hungry ghosts
  20 swamp worms
  3 wargs
  9 insubstantial wisps
  77 nagas
  50 large abominations
  A spatial vortex (Orc:2)
  A merfolk zombie (Tar:7)
  8 hydra simulacra (Coc:7)
  4 acid dragons
  21 water moccasins
  6 spiny frog zombies
  A floating eye (shapeshifter) (Zig:26)
  2 floating eyes (Zig:23)
  71 hell hounds
  12 soldier ants
  A merfolk skeleton (Tar:7)
  An acid dragon (shapeshifter) (Vaults:2)
  8 porcupines
  A deep troll skeleton (Vaults:3)
  2 alligator simulacra
  A monstrous demonspawn skeleton (Geh:1)
  3 slaves (D:6)
  5 snapping turtle zombies
  2 spriggan simulacra
  19 swamp drakes
  A two-headed ogre skeleton (Crypt:2)
  44 ogres
  62 orc warriors
  14 phantoms
  10 black bears
  12 eyes of draining
  4 sky beasts
  4 ice beasts
  A blink frog zombie (Crypt:3)
  3 spiny frog skeletons
  A hornet zombie (D:14)
  9 elf zombies
  12 boggarts
  9 wolves
  31 necrophages
  17 centaurs
  3 snapping turtle skeletons
  12 crocodiles
  A manticore skeleton (Coc:1)
  A crocodile (shapeshifter) (Zig:26)
  4 big kobolds
  Blork the orc (D:5)
  A big kobold (shapeshifter) (Zig:26)
  A hog skeleton (Crypt:3)
  22 bullfrogs
  A gnoll sergeant (D:9)
  6 elf skeletons
  2 wyvern zombies
  5 earth elementals
  5 human skeletons
  2 wyvern skeletons
  A polar bear zombie (Crypt:3)
  A scorpion (D:6)
  A queen bee zombie (Crypt:3)
  7 spriggan zombies
  3 elf simulacra
  4 killer bees (D:11)
  A snapping turtle simulacrum (Coc:7)
  47 wights
  2 electric eels (D:13)
  A howler monkey (shapeshifter) (Zig:26)
  2 howler monkeys (D:14)
  21 crimson imps
  2 bullfrog zombies
  A quasit (D:10)
  2 bullfrog skeletons
  3 human zombies
  35 orc priests
  7 hounds
  A jelly (D:10)
  36 orc wizards
  35 iron imps
  4 iguanas
  Natasha (thrice) (D:3 D:6)
  29 worker ants
  2 naga zombies
  A big kobold skeleton (Crypt:1)
  A demigod skeleton (Crypt:2)
  A dwarf skeleton (Crypt:1)
  2 hound zombies (D:8)
  A hound skeleton (D:7)
  65 mummies
  6 gnolls
  13 adders
  18 shadow imps
  A steam dragon skeleton (Crypt:2)
  12 white imps
  An ooze (D:2)
  A lava snake zombie (Crypt:2)
  An adder zombie (D:7)
  3 worms (D:2)
  A dart slug (D:3)
  6 leopard geckos
  117 orcs
  5 bats
  3 giant cockroaches
  7 goblins
  4 hobgoblins
  9 jackals
  3 quokkas
  A ball python skeleton (Crypt:1)
  3 frilled lizards
  A goblin skeleton (Crypt:1)
  18 kobolds
  A leopard gecko skeleton (Crypt:3)
  2 quokka skeletons
  7 rats
  4 fire vortices (Pan)
  3 plants
  3 starspawn tentacles (Zig:18)
  5 tentacles
5599 creatures vanquished.

Vanquished Creatures (collateral kills)
  Gloorx Vloq (Pan)
  Mennas (Pan)
  A greater mummy (Tomb:1)
  A Tzitzimitl (Tar:7)
  A lich (Vaults:5)
  A tentacled monstrosity (Vaults:5)
  2 Ice Fiends
  A Hell Sentinel (Dis:7)
  A titan (Vaults:5)
  2 acid blobs
  9 Executioners (Pan)
  3 tentacled starspawn (Zig:18)
  A warmonger (Pan)
  A sphinx (Tomb:1)
  A shadow dragon (Tar:3)
  An ancient champion (Zig:8)
  A nagaraja (Snake:4)
  A revenant (Zig:8)
  An azure jelly (Slime:4)
  A vault warden (Vaults:5)
  2 iron dragons (Dis:7)
  A black sun (Pan)
  2 cacodemons (Pan)
  2 ghost moths (Zig:22)
  4 balrugs
  A frost giant (Depths:1)
  2 curse skulls
  A war gargoyle (Vaults:3)
  An ironheart preserver (Vaults:5)
  2 very ugly things (Pan)
  A juggernaut skeleton (Zig:27)
  A blood saint (Pan)
  2 entropy weavers
  9 reapers
  A vampire knight (Zig:8)
  A deep elf demonologist (Elf:3)
  A spark wasp (Zig:22)
  An ettin (Vaults:3)
  2 mummy priests (Tomb:1)
  11 blizzard demons
  An eidolon (Zig:20)
  2 deep elf death magi
  A monstrous demonspawn (Pan)
  20 vault guards
  6 hydras
  8 ice dragons
  2 two-headed ogres
  4 death scarabs (Tomb:1)
  2 hell hogs (Geh:7)
  A queen ant (Lair:4)
  3 titan zombies
  Urug (Lair:1)
  A thrashing horror (Zig:18)
  A naga sharpshooter (Snake:4)
  3 soul eaters (Pan)
  3 shadow wraiths (Pan)
  2 iron golems (Dis:7)
  Sonja (D:11)
  2 deep elf knights
  A hell knight (Geh:3)
  A storm dragon skeleton (Zig:27)
  4 skeletal warriors
  An iron troll (Dis:7)
  3 sixfirhies (Pan)
  A death drake (Zig:21)
  A torturous demonspawn (Pan)
  A kraken simulacrum (Coc:7)
  3 swamp dragons
  2 shadow demons
  A necromancer (Geh:3)
  A naga ritualist (Snake:3)
  2 deep elf archers (Vaults:4)
  A golden dragon skeleton (Coc:7)
  An infernal demonspawn (Pan)
  3 orc knights (Orc:2)
  An ironbrand convoker (Vaults:3)
  An anaconda skeleton (Coc:7)
  5 deep elf magi
  A mana viper (Snake:4)
  A phantasmal warrior (Zig:27)
  A wolf spider zombie (Coc:7)
  6 ugly things
  2 oklob plants (Zig:8)
  2 shadow dragon skeletons
  A salamander (Snake:4)
  A stone giant skeleton (Vaults:3)
  2 guardian serpents
  Joseph (Lair:1)
  A black mamba (Snake:4)
  4 naga magi
  A storm dragon simulacrum (Coc:7)
  3 spriggan zombies (Zig:27)
  3 smoke demons (Pan)
  A spiny frog (Swamp:4)
  7 freezing wraiths
  A tormentor (Zig:27)
  An efreet (Geh:3)
  An anaconda simulacrum (Coc:7)
  3 demonic crawlers (Pan)
  2 hellions (Geh:7)
  A spriggan skeleton (Zig:27)
  6 ice devils
  An ancient zyme (Zig:18)
  3 red devils
  2 hydra zombies (Coc:7)
  2 guardian mummies (Tomb:1)
  3 slime creatures (Slime:4)
  3 trolls
  A hornet (D:11)
  A blink frog (Lair:1)
  3 bog bodies (Coc:7)
  A hippogriff (Lair:3)
  2 alligator zombies (Coc:7)
  A dream sheep (D:8)
  3 flying skulls (Zig:27)
  2 ice dragon skeletons (Geh:7)
  4 large abominations (Pan)
  A wraith (Geh:7)
  A shadow (Geh:7)
  5 elf zombies
  A golden eye (Pan)
  2 neqoxecs
  2 chaos spawn (Pan)
  4 wargs (Orc:2)
  10 nagas
  2 hell hounds (Geh:7)
  A porcupine (Lair:1)
  A hydra simulacrum (Coc:7)
  2 swamp drakes (Swamp:4)
  An ice beast (Coc:7)
  13 orc warriors
  A necrophage (Geh:7)
  4 ogres
  A human skeleton (Vaults:3)
  2 big kobolds (D:8)
  A bullfrog (Lair:1)
  2 killer bees (D:11)
  9 starcursed masses (Zig:18)
  3 iron imps (Dis:7)
  2 orc priests (Orc:2)
  2 orc wizards (Orc:2)
  A naga zombie (Geh:7)
  2 tengu zombies
  2 mummies (Tomb:1)
  7 white imps
  A ball lightning (Elf:3)
  8 orcs (Orc:2)
  2 starspawn tentacles (Zig:18)
359 creatures vanquished.

Vanquished Creatures (others)
  A pandemonium lord (Pan)
  A tentacled monstrosity (Zig:21)
  3 eldritch tentacles
  A tengu reaver (Depths:2)
  A vault warden (Vaults:2)
  A frost giant (Zig:9)
  A deep elf elementalist (Elf:3)
  A stone giant (Depths:4)
  An elemental wellspring (Coc:7)
  A deep elf annihilator (Elf:3)
  A purple draconian (Zot:1)
  A white draconian (Zot:4)
  A deep elf death mage (Vaults:3)
  A merfolk javelineer (Depths:1)
  5 yaktaur captains
  A fire dragon (Zig:14)
  A quicksilver dragon skeleton (Tar:7)
  3 hydras (Zig:21)
  A death scarab (Tomb:3)
  A hell hog (Hell)
  2 naga sharpshooters
  A swamp dragon (Zig:21)
  An ironbrand convoker (Vaults:2)
  2 deep elf magi
  A salamander (Zig:15)
  A vault sentinel (Vaults:1)
  16 yaktaurs
  5 flying skulls
  A tarantella (Zig:22)
  A golden eye (Slime:1)
  2 chaos spawn (Pan)
  3 nagas
  An ogre (Vaults:3)
  A boggart (Vaults:2)
  2 wights
  2 crimson imps
  4 iron imps (Dis:7)
  2 mummies (Tomb:2)
  A shadow imp (D:12)
  10 ball lightnings
  An orc (Vaults:4)
  A block of ice (Pan)
  3 bushes (Lair:6)
  2 fire vortices
  22 fungi
  23 plants
  7 starspawn tentacles (Zig:18)
  7 tentacles
153 creatures vanquished.

Grand Total: 6111 creatures vanquished

Notes
Turn   | Place    | Note
-------+----------+-------------------------------------------
     0 | D:1      | Dawnplanks the Minotaur Berserker began the quest for the
                  | Orb.
     0 | D:1      | Reached XP level 1. HP: 19/19 MP: 0/0
   329 | D:1      | Reached XP level 2. HP: 27/27 MP: 1/1
   679 | D:2      | Reached XP level 3. HP: 33/33 MP: 2/2
  1006 | D:2      | Reached ** piety under Trog
  1062 | D:2      | Reached XP level 4. HP: 41/41 MP: 3/3
  1228 | D:3      | Found a blossoming altar of Fedhas.
  1228 | D:3      | Found a stormy altar of Qazlal.
  1272 | D:3      | Noticed Natasha
  1278 | D:3      | Killed Natasha
  1278 | D:3      | Reached skill level 5 in Axes
  1489 | D:3      | Reached XP level 5. HP: 43/47 MP: 4/4
  1800 | D:3      | Reached *** piety under Trog
  1937 | D:4      | Noticed an ogre
  1949 | D:4      | Killed an ogre
  1949 | D:4      | Reached skill level 5 in Fighting
  1949 | D:4      | Reached XP level 6. HP: 56/56 MP: 5/5
  2987 | D:5      | Entered Level 5 of the Dungeon
  3136 | D:5      | Noticed Blork the orc
  3147 | D:5      | Killed Blork the orc
  3443 | D:5      | Reached XP level 7. HP: 61/61 MP: 6/6
  3863 | D:6      | Noticed Eustachio
  3879 | D:6      | Killed Eustachio
  3942 | D:6      | Noticed Pikel
  3963 | D:6      | Killed Pikel
  3963 | D:6      | Reached XP level 8. HP: 55/70 MP: 7/7
  4388 | D:6      | Found a staircase to the Ecumenical Temple.
  4393 | Temple   | Entered the Ecumenical Temple
  4566 | D:6      | Noticed Natasha
  4572 | D:6      | Killed Natasha
  4599 | D:6      | Noticed Natasha
  4601 | D:6      | Found a glowing silver altar of Zin.
  4601 | D:6      | Found a hazy altar of Hepliaklqana.
  4602 | D:6      | Found an ancient bone altar of Kikubaaqudgha.
  4605 | D:6      | Killed Natasha
  4860 | D:7      | Noticed a hippogriff
  4868 | D:7      | Killed a hippogriff
  5016 | D:7      | Noticed a hippogriff
  5035 | D:7      | Killed a hippogriff
  5035 | D:7      | Reached skill level 5 in Dodging
  5035 | D:7      | Reached XP level 9. HP: 79/79 MP: 8/8
  5061 | D:7      | Reached skill level 10 in Axes
  5384 | D:7      | Noticed Prince Ribbit
  5708 | D:7      | Reached **** piety under Trog
  5829 | D:7      | Killed Prince Ribbit
  6084 | D:8      | Found a sacrificial altar of Ru.
  6628 | D:8      | Reached skill level 10 in Armour
  6647 | D:8      | Reached XP level 10. HP: 90/90 MP: 9/9
  6677 | D:8      | Noticed a two-headed hydra
  6692 | D:8      | Killed a two-headed hydra
  7256 | D:9      | Noticed Erolcha
  7264 | D:9      | Killed Erolcha
  7427 | D:9      | Reached skill level 10 in Fighting
  7428 | D:9      | Noticed Grum
  7443 | D:9      | Killed Grum
  7795 | D:9      | Found a sparkling altar of Nemelex Xobeh.
  8111 | D:10     | Entered Level 10 of the Dungeon
  8142 | D:10     | Reached XP level 11. HP: 89/101 MP: 10/10
  8395 | D:10     | Found an ornate altar of the Wu Jian Council.
  8456 | D:10     | Found a staircase to the Lair.
  8510 | D:10     | Reached ***** piety under Trog
  8560 | D:10     | Got an encrusted shield
  8566 | D:10     | Identified the +4 shield of Ketutaru {-Cast rN++ Int+6}
                  | (You found it on level 10 of the Dungeon)
  8734 | D:10     | Found a burning altar of Makhleb.
  8833 | D:10     | Reached skill level 1 in Maces & Flails
  8965 | Lair:1   | Entered Level 1 of the Lair of Beasts
  8965 | Lair:1   | Noticed Urug
  8970 | Lair:1   | Killed Urug
  8970 | Lair:1   | Reached skill level 1 in Shields
  8988 | Lair:1   | Noticed Joseph
  8994 | Lair:1   | Killed Joseph
  9001 | Lair:1   | Noticed Harold
  9015 | Lair:1   | Killed Harold
  9704 | Lair:1   | Reached skill level 5 in Maces & Flails
  9915 | Lair:1   | Noticed an eight-headed hydra
  9922 | Lair:1   | Killed an eight-headed hydra
 10288 | Lair:2   | Reached XP level 12. HP: 48/110 MP: 11/11
 11088 | Lair:2   | Found a white marble altar of Elyvilon.
 11102 | Lair:2   | Reached skill level 5 in Shields
 11386 | Lair:3   | Noticed a five-headed hydra
 11395 | Lair:3   | Killed a five-headed hydra
 11967 | Lair:3   | Found a staircase to the Snake Pit.
 12255 | Lair:4   | Found a staircase to the Swamp.
 12325 | Lair:4   | Noticed an entropy weaver
 12329 | Lair:4   | Noticed an entropy weaver
 12369 | Lair:4   | HP: 7/168 [crocodile (5)]
 12659 | Lair:4   | Killed an entropy weaver
 12659 | Lair:4   | Reached skill level 10 in Dodging
 12791 | Lair:4   | Noticed a queen ant
 12796 | Lair:4   | Killed a queen ant
 12875 | Lair:4   | Reached skill level 10 in Maces & Flails
 12892 | Lair:4   | Reached XP level 13. HP: 98/118 MP: 12/12
 12947 | Lair:4   | Killed an entropy weaver
 13097 | Lair:4   | Found a stormy altar of Qazlal.
 13973 | Lair:5   | Identified a scroll of acquirement
 14015 | Lair:5   | Noticed Josephine
 14024 | Lair:5   | Killed Josephine
 14235 | Lair:5   | Reached skill level 10 in Shields
 14710 | Lair:6   | Entered Level 6 of the Lair of Beasts
 15342 | Lair:6   | Noticed Snorg
 15663 | Lair:5   | Killed Snorg
 15663 | Lair:5   | Reached XP level 14. HP: 54/127 MP: 4/13
 17168 | Lair:6   | Reached ****** piety under Trog
 17170 | Lair:6   | Received a gift from Trog
 17323 | Lair:6   | Found a viscous altar of Jiyva.
 17323 | Lair:6   | Found a staircase to the Slime Pits.
 17383 | Lair:6   | Noticed Nessos
 17401 | Lair:6   | Killed Nessos
 17738 | D:11     | Noticed Sonja
 17741 | D:11     | Paralysed by a hornet for 2 turns
 17748 | D:11     | Killed Sonja
 17990 | D:11     | Paralysed by a centaur for 3 turns
 18307 | D:11     | Found a staircase to the Orcish Mines.
 19022 | D:12     | Noticed Frances
 19371 | D:12     | Noticed Kirke
 19386 | D:12     | Killed Kirke
 19604 | D:13     | Found a shimmering altar of Xom.
 19631 | D:13     | Reached XP level 15. HP: 137/137 MP: 14/14
 19768 | D:13     | Received a gift from Trog
 19986 | D:13     | Found a gate to the Vaults.
 20933 | D:14     | Got a faintly glowing chain mail
 20944 | D:14     | Identified the cursed +1 chain mail "Roethrei" {*Corrode
                  | +Fly rC++ Dex+2} (You found it on level 14 of the Dungeon)
 21030 | D:14     | Got a faintly humming leather armour
 21042 | D:14     | Identified the cursed +1 leather armour of the Blizzard
                  | {rC+ MR+ Str+3 Dex+3} (You found it on level 14 of the
                  | Dungeon)
 21191 | D:15     | Entered Level 15 of the Dungeon
 21277 | D:15     | Received a gift from Trog
 21782 | D:15     | Reached skill level 15 in Shields
 22027 | D:15     | Reached skill level 15 in Fighting
 22107 | D:15     | Found a portal to a secret trove of treasure.
 22335 | D:15     | Found a staircase to the Depths.
 22679 | Orc:1    | Entered Level 1 of the Orcish Mines
 22685 | Orc:1    | Received a gift from Trog
 22778 | Orc:2    | Entered Level 2 of the Orcish Mines
 22816 | Orc:2    | Found a staircase to the Elven Halls.
 22928 | Orc:2    | Reached XP level 16. HP: 133/149 MP: 15/15
 23271 | Orc:2    | Found Qogaerr's Book Emporium.
 23271 | Orc:2    | Found Ixtiem's Jewellery Shoppe.
 23271 | Orc:2    | Found Boifumi's Assorted Antiques.
 23287 | Orc:2    | Gained mutation: You are frail. (-10% HP) [a neqoxec]
 23307 | Orc:2    | Found Sair's Antique Armour Shoppe.
 23571 | Orc:2    | Received a gift from Trog
 23917 | Orc:2    | Identified Sif Muna's Tome of the Frostbite and
                  | Transmigration
 24491 | Swamp:1  | Entered Level 1 of the Swamp
 24955 | Swamp:1  | Received a gift from Trog
 24956 | Swamp:1  | Found the +5 demon whip "Spellbinder" {antimagic, MR+}
 25182 | Swamp:1  | Reached skill level 15 in Armour
 25627 | Swamp:2  | Noticed a thorn hunter
 25636 | Swamp:2  | Killed a thorn hunter
 26911 | Swamp:3  | Received a gift from Trog
 27016 | Swamp:3  | Noticed Nikola
 27029 | Swamp:3  | Killed Nikola
 27721 | Swamp:4  | Entered Level 4 of the Swamp
 27782 | Swamp:4  | Reached XP level 17. HP: 149/149 MP: 5/16
 28447 | Swamp:4  | Noticed the 27-headed Lernaean hydra
 28458 | Swamp:4  | Killed the 27-headed Lernaean hydra
 28846 | Swamp:4  | Got a decaying rune of Zot
 29458 | Snake:1  | Entered Level 1 of the Snake Pit
 29689 | Orc:2    | Bought a scroll of acquirement for 1560 gold pieces
 29691 | Orc:2    | Got a faintly glowing copper ring
 29693 | Orc:2    | Identified the ring "Cophiot" {MP+9 Str+5 Slay+2 SInv} (You
                  | acquired it on level 2 of the Orcish Mines)
 29997 | Snake:1  | Received a gift from Trog
 30406 | Snake:1  | Identified Roxanne's Almanac of Transmutation
 30406 | Snake:1  | Noticed Roxanne
 30914 | Snake:1  | Reached XP level 18. HP: 160/160 MP: 8/17
 30937 | Snake:1  | Lost mutation: You are frail. (-10% HP) [potion of
                  | mutation]
 30937 | Snake:1  | Gained mutation: You are clumsy. (Dex -2) [potion of
                  | mutation]
 30937 | Snake:1  | Gained mutation: Your flesh is cold resistant. (rC+)
                  | [potion of mutation]
 31966 | Snake:2  | Found a snail-covered altar of Cheibriados.
 32055 | Snake:3  | Got a shimmering large shield
 32088 | Snake:2  | Identified the +2 large shield "Kaimn" {Regen+ Str+4
                  | Dex+10} (You found it on level 3 of the Snake Pit)
 32198 | Snake:3  | Received a gift from Trog
 32254 | Snake:3  | Reached XP level 19. HP: 164/187 MP: 9/18
 32712 | Snake:3  | Noticed Vashnia
 32910 | Snake:4  | Entered Level 4 of the Snake Pit
 33369 | Snake:4  | Received a gift from Trog
 33667 | Snake:4  | Received a gift from Trog
 33863 | Snake:4  | Received a gift from Trog
 34435 | Snake:4  | Got a serpentine rune of Zot
 34680 | Snake:3  | Killed Vashnia
 34914 | Elf:1    | Entered Level 1 of the Elven Halls
 35018 | Elf:1    | You fall through a shaft!
 35176 | Elf:2    | Found a runed gate.
 35176 | Elf:2    | Found a runed gate.
 35176 | Elf:2    | Found a runed gate.
 35460 | Elf:2    | Reached XP level 20. HP: 198/198 MP: 9/19
 35470 | Elf:2    | Received a gift from Trog
 35539 | Elf:2    | Found Vutyscha's Assorted Antiques.
 35567 | Elf:2    | Bought a scroll of identify for 40 gold pieces
 35627 | Elf:2    | Noticed Louise
 35643 | Elf:2    | Killed Louise
 35793 | Elf:2    | Noticed Saint Roka
 35831 | Elf:2    | Killed Saint Roka
 36286 | Elf:1    | Received a gift from Trog
 36476 | Elf:1    | Identified the Tome of Summoning
 36491 | Elf:1    | Noticed Donald
 36497 | Elf:1    | Killed Donald
 36956 | Elf:3    | Entered Level 3 of the Elven Halls
 37355 | Elf:3    | Received a gift from Trog
 37475 | Elf:3    | Found Gayteem's Antique Armour Emporium.
 37478 | Elf:3    | Bought a pair of embroidered gloves for 180 gold pieces
 38057 | Elf:3    | Identified the cursed +2 whip "Acsut" {flame, *Slow rPois
                  | rN++ Int+2}
 38058 | Elf:3    | Identified the ring "Myliuf" {Fire rN+}
 38186 | Elf:3    | Identified the +10 spear "Nuicug" {flame, Dex+2}
 38186 | Elf:3    | Identified the +1 robe of Foroing {rElec rCorr}
 38186 | Elf:3    | Identified the ring of the Peculiar Emperors {*Tele Str+5}
 38227 | Elf:3    | Gained mutation: Your body sometimes deteriorates upon
                  | taking damage. [a cacodemon]
 38392 | Elf:3    | Identified Wosarphu's Disquisition on Ice and Ignition
 38394 | Elf:3    | Identified the Volume of the Frostbite and Aid
 38397 | Elf:3    | Got an ichor-stained mace
 38398 | Elf:3    | Identified the +6 mace "Worm's Wrath" {flame, rF++} (You
                  | found it on level 3 of the Elven Halls)
 38429 | Elf:3    | Identified Sif Muna's Tome of Evil and the Voyage
 38649 | Vaults:1 | Entered Level 1 of the Vaults
 38721 | Vaults:1 | Reached XP level 21. HP: 209/209 MP: 9/20
 38728 | Vaults:1 | Lost mutation: You are clumsy. (Dex -2) [potion of
                  | mutation]
 38728 | Vaults:1 | Lost mutation: Your body sometimes deteriorates upon taking
                  | damage. [potion of mutation]
 38728 | Vaults:1 | Gained mutation: You are partially covered in iridescent
                  | scales. (AC +2) [potion of mutation]
 38728 | Vaults:1 | Gained mutation: You are agile. (Dex +2) [potion of
                  | mutation]
 38846 | Vaults:1 | Received a gift from Trog
 39202 | Vaults:1 | Found a snail-covered altar of Cheibriados.
 39509 | Vaults:1 | Received a gift from Trog
 40508 | Vaults:2 | Received a gift from Trog
 41124 | Vaults:2 | Received a gift from Trog
 41722 | Vaults:3 | Noticed Mara
 41730 | Vaults:3 | Noticed Dawnplanks's illusion
 41732 | Vaults:3 | Killed Mara
 41732 | Vaults:3 | Reached XP level 22. HP: 222/222 MP: 5/21
 41976 | Vaults:3 | Got a translucent whip
 41977 | Vaults:3 | Identified the +9 whip "Satzuob" {slash, rF+} (You found it
                  | on level 3 of the Vaults)
 42087 | Vaults:3 | Received a gift from Trog
 42257 | Vaults:3 | Identified the +1 robe "Xeyhopt" {rElec rC+++ Dex+2 SInv}
 42592 | Vaults:3 | Found the +9 heavy crossbow "Sniper" {velocity, Acc+∞ SInv}
 42608 | Vaults:3 | Got a pair of crude gloves
 42609 | Vaults:3 | Identified the +2 pair of gloves "Maxoa" {*Drain rElec rF+
                  | Regen+} (You found it on level 3 of the Vaults)
 42915 | Vaults:3 | Received a gift from Trog
 42948 | Vaults:3 | Received a gift from Trog
 43370 | Vaults:3 | Found a staircase to the Crypt.
 44351 | Vaults:4 | Received a gift from Trog
 44739 | Vaults:4 | Reached XP level 23. HP: 232/232 MP: 10/22
 44754 | Vaults:4 | Upgraded the game from 0.23-a0-394-g6ce9549 to
                  | 0.23-a0-395-gcf17ac6
 45003 | Depths:1 | Entered Level 1 of the Depths
 45331 | Depths:1 | Found a gateway to Hell.
 45405 | Depths:1 | Found a large runed door.
 45405 | Depths:1 | Found a large runed door.
 45406 | Depths:1 | Noticed Kimarot's ghost (adept MiFi)
 45424 | Depths:1 | Killed Kimarot's ghost
 45436 | Depths:1 | Got a translucent hunting sling
 45437 | Depths:1 | Identified the +8 hunting sling "Biyranur" {freeze, *Slow
                  | MR+ Int+4 SInv} (You found it on level 1 of the Depths)
 45442 | Depths:1 | Got a polished long sword
 45443 | Depths:1 | Identified the +7 long sword of Strategic Superiority
                  | {protect, rC+} (You found it on level 1 of the Depths)
 46047 | Depths:2 | Found a one-way gate to the infinite horrors of the Abyss.
 46060 | Depths:2 | Noticed a juggernaut
 46084 | Depths:1 | Killed a juggernaut
 46285 | Depths:2 | Received a gift from Trog
 47598 | Depths:3 | Found a gateway to a ziggurat.
 47629 | Depths:3 | Found a one-way gate leading to the halls of Pandemonium.
 47772 | Depths:3 | Identified the Disquisition on Nocuous Ignition
 47854 | Depths:3 | Got a transparent battleaxe
 47855 | Depths:3 | Identified the cursed +0 battleaxe "Anuov" {drain, Int+2
                  | Dex+2 SInv} (You found it on level 3 of the Depths)
 47978 | D:15     | You paid a toll of 8 potions of haste to enter a treasure
                  | trove
 47979 | Trove    | Entered a treasure trove
 48013 | Trove    | Identified the Collected Works on the Escort and the
                  | Traveller
 48023 | Trove    | Got a bound steel ring
 48030 | Trove    | Identified the ring "Sosawana" {Fire +Blink rN+ Dex-5} (You
                  | found it in a treasure trove)
 48242 | Depths:4 | Paralysed by a great orb of eyes for 6 turns
 48319 | Depths:4 | Received a gift from Trog
 48597 | Depths:4 | Found Qeddaefoa's Antique Armour Shop.
 48602 | Depths:4 | Found Cutotirgh's Distillery.
 48603 | Depths:4 | Found Xaroppu's Antique Weapon Shop.
 49036 | Depths:4 | Reached XP level 24. HP: 243/243 MP: 10/22
 49392 | Depths:5 | Entered Level 5 of the Depths
 49687 | Depths:5 | Reached skill level 27 in Shields
 49732 | Depths:5 | Received a gift from Trog
 49907 | Depths:5 | Identified the +5 faerie dragon scales {Regen+ rCorr}
 49907 | Depths:5 | Noticed the Enchantress
 49938 | Depths:5 | Killed the Enchantress
 49994 | Depths:5 | Found a gate to the Realm of Zot.
 50501 | Depths:5 | Received a gift from Trog
 51120 | Slime:1  | Entered Level 1 of the Pits of Slime
 51423 | Slime:1  | Reached skill level 27 in Fighting
 51693 | Slime:2  | Reached skill level 15 in Dodging
 52634 | Slime:4  | Received a gift from Trog
 52640 | Slime:4  | Gained mutation: You are frail. (-10% HP) [a shining eye]
 52664 | Slime:4  | Gained mutation: Armour fits poorly on your strangely
                  | shaped body. [a shining eye]
 52667 | Slime:4  | Gained mutation: Your body sometimes deteriorates upon
                  | taking damage. [a shining eye]
 52832 | Slime:5  | Entered Level 5 of the Pits of Slime
 53044 | Slime:5  | Reached XP level 25. HP: 231/231 MP: 10/22
 53186 | Slime:5  | Noticed the Royal Jelly
 53188 | Slime:5  | Gained mutation: You do not regenerate when monsters are
                  | visible. [a shining eye]
 53191 | Slime:5  | Gained mutation: You tend to lose your temper in combat. [a
                  | shining eye]
 53203 | Slime:5  | Killed the Royal Jelly
 53440 | Slime:4  | Received a gift from Trog
 53681 | Slime:5  | Got a slimy rune of Zot
 53860 | Slime:5  | Got a shimmering jade amulet
 53880 | Slime:5  | Identified the amulet of Soymoe {RegenMP Str+2} (You found
                  | it on level 5 of the Pits of Slime)
 53886 | Slime:5  | Got a scorched scale mail
 53887 | Slime:5  | Identified the +0 scale mail of Brilliance {*Corrode rN+
                  | Dex+3} (You found it on level 5 of the Pits of Slime)
 53945 | Slime:5  | Got brightly glowing ice dragon scales
 53948 | Slime:5  | Identified the +1 ice dragon scales of the Salmon {+Blink
                  | rF- rC++ MR- rCorr} (You found it on level 5 of the Pits of
                  | Slime)
 53954 | Slime:5  | Got a translucent shield
 53958 | Slime:5  | Identified the +6 shield of Watchfulness {+Fly rN+ MR+}
                  | (You found it on level 5 of the Pits of Slime)
 53962 | Slime:5  | Identified Syxax's Guide on the Arsonist and Self-Knowledge
 54121 | Slime:5  | Got a twisted spear
 54122 | Slime:5  | Identified the +10 spear of the Badger {freeze, rC+ rN++
                  | MR+ Dex+3} (You found it on level 5 of the Pits of Slime)
 54254 | Slime:5  | Got a warped hand crossbow
 54255 | Slime:5  | Identified the +7 hand crossbow of Miannaegg {penet, rF+
                  | rN+ Dex+2} (You found it on level 5 of the Pits of Slime)
 54330 | Slime:5  | Lost mutation: Your body sometimes deteriorates upon taking
                  | damage. [potion of mutation]
 54330 | Slime:5  | Lost mutation: Your flesh is cold resistant. (rC+) [potion
                  | of mutation]
 54330 | Slime:5  | Lost mutation: You are agile. (Dex +2) [potion of mutation]
 54330 | Slime:5  | Gained mutation: You are agile. (Dex +2) [potion of
                  | mutation]
 54330 | Slime:5  | Gained mutation: You have large cloven feet. [potion of
                  | mutation]
 54330 | Slime:5  | Gained mutation: You have supernaturally acute eyesight.
                  | (SInv) [potion of mutation]
 54330 | Slime:5  | Lost mutation: You are frail. (-10% HP) [potion of
                  | mutation]
 54331 | Slime:5  | Lost mutation: You are agile. (Dex +2) [potion of mutation]
 54331 | Slime:5  | Lost mutation: You are partially covered in iridescent
                  | scales. (AC +2) [potion of mutation]
 54331 | Slime:5  | Gained mutation: You expend magic power (3 MP) to
                  | strengthen your wands. [potion of mutation]
 54331 | Slime:5  | Lost mutation: Armour fits poorly on your strangely shaped
                  | body. [potion of mutation]
 54331 | Slime:5  | Gained mutation: You are weak. (Str -2) [potion of
                  | mutation]
 54331 | Slime:5  | Gained mutation: Your flesh is cold resistant. (rC+)
                  | [potion of mutation]
 54332 | Slime:5  | Lost mutation: You have large cloven feet. [potion of
                  | mutation]
 54332 | Slime:5  | Lost mutation: You are weak. (Str -2) [potion of mutation]
 54332 | Slime:5  | Lost mutation: You tend to lose your temper in combat.
                  | [potion of mutation]
 54332 | Slime:5  | Gained mutation: You have a pair of large horns on your
                  | head. [potion of mutation]
 54332 | Slime:5  | Gained mutation: Your mind is acute. (Int +2) [potion of
                  | mutation]
 54333 | Slime:5  | Lost mutation: Your flesh is cold resistant. (rC+) [potion
                  | of mutation]
 54333 | Slime:5  | Lost mutation: Your mind is acute. (Int +2) [potion of
                  | mutation]
 54333 | Slime:5  | Lost mutation: You expend magic power (3 MP) to strengthen
                  | your wands. [potion of mutation]
 54333 | Slime:5  | Lost mutation: You have a pair of large horns on your head.
                  | [potion of mutation]
 54333 | Slime:5  | Gained mutation: You tend to lose your temper in combat.
                  | [potion of mutation]
 54333 | Slime:5  | Gained mutation: You are partially covered in yellow
                  | scales. (AC +2) [potion of mutation]
 54507 | Snake:3  | Lost mutation: You do not regenerate when monsters are
                  | visible. [potion of mutation]
 54507 | Snake:3  | Lost mutation: You tend to lose your temper in combat.
                  | [potion of mutation]
 54507 | Snake:3  | Lost mutation: You have supernaturally acute eyesight.
                  | (SInv) [potion of mutation]
 54507 | Snake:3  | Gained mutation: You expend magic power (3 MP) to
                  | strengthen your wands. [potion of mutation]
 54507 | Snake:3  | Gained mutation: You possess an exceptional clarity of
                  | mind. [potion of mutation]
 54993 | Vaults:5 | Entered Level 5 of the Vaults
 55014 | Vaults:5 | Reached skill level 1 in Polearms
 55206 | Vaults:5 | Reached skill level 5 in Polearms
 55246 | Vaults:5 | Found Zext's Magic Scroll Emporium.
 55300 | Vaults:5 | Found Sinoezxikk's Distillery.
 55419 | Vaults:5 | Identified a ring of the Octopus King {AC+1 EV+1 Str+1
                  | Int+1 Dex+1 SInv}
 55547 | Vaults:5 | Reached skill level 10 in Polearms
 55550 | Vaults:5 | Gained mutation: Armour fits poorly on your strangely
                  | shaped body. [a shining eye]
 55617 | Vaults:5 | Got a twitching jade ring
 55621 | Vaults:5 | Identified the ring "Wies" {rCorr Int+4} (You found it on
                  | level 5 of the Vaults)
 55867 | Vaults:5 | Paralysed by a sphinx for 6 turns
 55879 | Vaults:5 | Received a gift from Trog
 55944 | Vaults:5 | Got a silver rune of Zot
 55961 | Vaults:5 | Got an ancient hand axe
 55962 | Vaults:5 | Identified the +2 hand axe of Jaol {chop, Int+3 Dex+6} (You
                  | found it on level 5 of the Vaults)
 56312 | Vaults:5 | Reached XP level 26. HP: 265/265 MP: 22/22
 56669 | Vaults:5 | Found Ceagekhiz's Magic Scroll Shoppe.
 56950 | Vaults:5 | Bought a scroll of enchant armour for 172 gold pieces
 56950 | Vaults:5 | Bought a scroll of enchant armour for 172 gold pieces
 56974 | Vaults:5 | Bought a potion of haste for 160 gold pieces
 56974 | Vaults:5 | Bought a potion of heal wounds for 80 gold pieces
 56974 | Vaults:5 | Bought a potion of resistance for 160 gold pieces
 57263 | Orc:2    | Bought a scroll of enchant armour for 225 gold pieces
 57263 | Orc:2    | Bought a potion of heal wounds for 150 gold pieces
 57263 | Orc:2    | Bought a runed scarf for 240 gold pieces
 57266 | Orc:2    | Bought a pair of embroidered boots for 277 gold pieces
 57557 | Depths:4 | Bought a potion of cancellation for 144 gold pieces
 57557 | Depths:4 | Bought a potion of agility for 72 gold pieces
 57557 | Depths:4 | Bought 2 potions of heal wounds for 180 gold pieces
 57557 | Depths:4 | Bought a potion of haste for 180 gold pieces
 57563 | Depths:4 | Bought the +2 pair of boots of the Assassin {Detection
                  | Stab+ Stlth++} for 2340 gold pieces
 57563 | Depths:4 | Found the +2 pair of boots of the Assassin {Detection Stab+
                  | Stlth++}
 57563 | Depths:4 | Bought a pair of glowing gloves for 292 gold pieces
 57782 | D:13     | Noticed Cryolive's ghost (journeyman GrEE)
 57784 | D:13     | Found a transporter.
 57786 | D:13     | Found a transporter.
 57816 | D:13     | Killed Cryolive's ghost
 57826 | D:13     | Got a twisted dire flail
 57831 | D:13     | Identified the cursed +1 dire flail of Sunlight {crush,
                  | Int+3 Stlth+} (You took it off a two-headed ogre on level
                  | 13 of the Dungeon)
 58242 | Orc:2    | Bought a runed great mace for 285 gold pieces
 58487 | Snake:1  | Killed Roxanne
 59095 | D:12     | Killed Frances
 59391 | Slime:5  | Got a dazzling hand crossbow
 59392 | Slime:5  | Identified the +9 hand crossbow of Zuonlej {flame, +Blink
                  | Str+2 Int+4 Stlth+} (You found it on level 5 of the Pits of
                  | Slime)
 61456 | Zot:1    | Entered Level 1 of the Realm of Zot
 61506 | Zot:1    | Reached skill level 1 in Crossbows
 61971 | Zot:1    | Received a gift from Trog
 62738 | Zot:2    | Reached skill level 5 in Crossbows
 62844 | Zot:2    | Got a slimy flail
 62845 | Zot:2    | Identified the +5 flail "Jeoshen" {flame, rPois} (You found
                  | it on level 2 of the Realm of Zot)
 64390 | Zot:3    | Received a gift from Trog
 64390 | Zot:3    | Reached XP level 27. HP: 272/272 MP: 22/22
 65256 | Zot:4    | Received a gift from Trog
 65622 | Zot:4    | Reached skill level 27 in Armour
 65723 | Zot:4    | Reached skill level 10 in Crossbows
 65928 | Zot:5    | Entered Level 5 of the Realm of Zot
 66117 | Zot:5    | Noticed an ancient lich
 66147 | Zot:5    | Killed an ancient lich
 66210 | Zot:5    | Noticed an ancient lich
 66230 | Zot:5    | Killed an ancient lich
 66363 | Zot:5    | Received a gift from Trog
 66418 | Zot:5    | Noticed an orb of fire
 66419 | Zot:5    | Noticed an orb of fire
 66450 | Zot:5    | Gained mutation: Your body sometimes deteriorates upon
                  | taking damage. [an orb of fire]
 66453 | Zot:5    | Gained mutation: Scrolls take you a little longer to read.
                  | [an orb of fire]
 66457 | Zot:5    | Gained mutation: Scrolls take you longer to read. [an orb
                  | of fire]
 66460 | Zot:5    | Killed an orb of fire
 66482 | Zot:5    | Killed an orb of fire
 66532 | Zot:5    | Noticed an orb of fire
 66537 | Zot:5    | Gained mutation: You are frail. (-10% HP) [an orb of fire]
 66550 | Zot:5    | Gained mutation: Your spells are a little easier to cast,
                  | but a little less powerful. [an orb of fire]
 66560 | Zot:5    | Gained mutation: Your body often deteriorates upon taking
                  | damage. [an orb of fire]
 66582 | Zot:5    | Gained mutation: Scrolls take you much longer to read. [an
                  | orb of fire]
 66583 | Zot:5    | Killed an orb of fire
 66647 | Zot:5    | Noticed an orb of fire
 66662 | Zot:5    | Gained mutation: You are partially covered in large bone
                  | plates. (SH +4) [an orb of fire]
 66663 | Zot:5    | Gained mutation: You are dopey. (Int -2) [an orb of fire]
 66937 | Zot:5    | Noticed an orb of fire
 66940 | Zot:5    | Gained mutation: You are clumsy. (Dex -2) [an orb of fire]
 66955 | Zot:5    | Gained mutation: You are very dopey. (Int -4) [an orb of
                  | fire]
 66969 | Zot:5    | Killed an orb of fire
 66987 | Zot:5    | Noticed an orb of fire
 67008 | Zot:5    | Lost mutation: You possess an exceptional clarity of mind.
                  | [an orb of fire]
 67012 | Zot:5    | Killed an orb of fire
 67110 | Zot:5    | Got a shimmering large shield
 67114 | Zot:5    | Identified the +10 large shield "Suinun" {rC++} (You
                  | acquired it on level 5 of the Realm of Zot)
 67293 | Zot:5    | Noticed an ancient lich
 67326 | Zot:5    | Killed an ancient lich
 67396 | Zot:5    | Lost mutation: Armour fits poorly on your strangely shaped
                  | body. [potion of mutation]
 67396 | Zot:5    | Lost mutation: You are very dopey. (Int -4) [potion of
                  | mutation]
 67396 | Zot:5    | Gained mutation: You occasionally shout uncontrollably at
                  | your foes. [potion of mutation]
 67396 | Zot:5    | Lost mutation: You are clumsy. (Dex -2) [potion of
                  | mutation]
 67397 | Zot:5    | Lost mutation: Your body often deteriorates upon taking
                  | damage. [potion of mutation]
 67397 | Zot:5    | Lost mutation: You are frail. (-10% HP) [potion of
                  | mutation]
 67397 | Zot:5    | Lost mutation: Scrolls take you much longer to read.
                  | [potion of mutation]
 67397 | Zot:5    | Gained mutation: Your body often deteriorates upon taking
                  | damage. [potion of mutation]
 67397 | Zot:5    | Gained mutation: You possess an exceptional clarity of
                  | mind. [potion of mutation]
 67866 | Temple   | Fell from the grace of Trog
 67866 | Temple   | Became a worshipper of the Shining One
 68160 | Crypt:1  | Entered Level 1 of the Crypt
 68172 | Crypt:1  | Found a basalt altar of Yredelemnul.
 68224 | Crypt:1  | Reached * piety under the Shining One
 68280 | Crypt:1  | Reached ** piety under the Shining One
 68327 | Crypt:1  | Noticed Jory
 68354 | Crypt:1  | Killed Jory
 68392 | Crypt:1  | Reached *** piety under the Shining One
 68500 | Crypt:1  | Learned a level 1 spell: Summon Butterflies
 68558 | Crypt:1  | Reached **** piety under the Shining One
 68670 | Crypt:1  | Reached skill level 1 in Summonings
 68868 | Crypt:1  | Noticed Sojobo
 68884 | Crypt:1  | Killed Sojobo
 68884 | Crypt:1  | Reached skill level 5 in Invocations
 69106 | Crypt:2  | Reached ***** piety under the Shining One
 69919 | Crypt:3  | Entered Level 3 of the Crypt
 70032 | Crypt:3  | Reached ****** piety under the Shining One
 70080 | Crypt:3  | Identified a +9 sacred scourge of holy wrath (a +9
                  | antimagic demon whip blessed by the Shining One)
 70080 | Crypt:3  | Received a gift from the Shining One
 70090 | Crypt:3  | Found a staircase to the Tomb.
 70159 | Crypt:3  | Reached skill level 5 in Summonings
 70234 | Crypt:3  | Paralysed by a vampire knight for 5 turns
 70514 | Crypt:3  | Paralysed by a vampire knight for 7 turns
 70547 | Crypt:3  | Reached skill level 15 in Maces & Flails
 70949 | Crypt:3  | Noticed Bai Suzhen
 70968 | Crypt:3  | Killed Bai Suzhen
 71062 | Crypt:3  | Identified the Incunabulum of Contamination and the Birds
 71682 | Hell     | Entered the Vestibule of Hell
 71682 | Hell     | Noticed Geryon
 71697 | Hell     | Killed Geryon
 71745 | Hell     | Reached skill level 10 in Invocations
 71898 | Hell     | Found a gateway to the ashen valley of Gehenna.
 71991 | Hell     | Found a gateway to the freezing wastes of Cocytus.
 72042 | Hell     | Found a gateway to the Iron City of Dis.
 72177 | Hell     | Found a gateway to the decaying netherworld of Tartarus.
 72255 | Tar:1    | Entered Level 1 of Tartarus
 72798 | Tar:1    | Gained mutation: You are occasionally teleported next to
                  | monsters. [mutagenic glow]
 73045 | Tar:1    | Gained mutation: Your spells are easier to cast, but less
                  | powerful. [mutagenic glow]
 73079 | Tar:1    | Gained mutation: Your magical capacity is low. (-10% MP)
                  | [mutagenic glow]
 74311 | Tar:7    | Entered Level 7 of Tartarus
 74793 | Tar:7    | Identified Mejaj's Compendium of the Wasteland
 74828 | Tar:7    | Noticed an ancient lich
 74839 | Tar:7    | Killed an ancient lich
 74878 | Tar:7    | Paralysed by Trog for 4 turns
 74891 | Tar:7    | Got a wavering copper ring
 74894 | Tar:7    | Identified the ring of Greed {Wiz Dex+2} (You found it on
                  | level 7 of Tartarus)
 75123 | Tar:7    | Found the +7 great mace "Firestarter" {inner flame, rF++}
 75373 | Tar:7    | Noticed Ereshkigal
 75398 | Tar:7    | Killed Ereshkigal
 75516 | Tar:7    | Got a bone rune of Zot
 75900 | Dis:1    | Entered Level 1 of the Iron City of Dis
 76318 | Dis:2    | Reached skill level 15 in Invocations
 77277 | Dis:7    | Entered Level 7 of the Iron City of Dis
 77645 | Dis:7    | Gained mutation: You are very dopey. (Int -4) [a cacodemon]
 77668 | Dis:7    | Identified the +4 staff of Dispater
 77668 | Dis:7    | Noticed Dispater
 77688 | Dis:7    | Killed Dispater
 77689 | Dis:7    | Gained mutation: Armour fits poorly on your strangely
                  | shaped body. [a cacodemon]
 77704 | Dis:7    | Got an iron rune of Zot
 77993 | Dis:7    | Identified the +10 shortbow of Greatest Utility {flame,
                  | Str+2}
 77993 | Dis:7    | Identified the ring of Yzukes Ront {Str-5 Dex+4 Stlth+}
 78251 | Geh:1    | Entered Level 1 of Gehenna
 78448 | Geh:4    | Gained mutation: You are frail. (-10% HP) [mutagenic glow]
 78617 | Geh:4    | Reached skill level 27 in Maces & Flails
 78925 | Geh:6    | Paralysed by Trog for 2 turns
 79162 | Geh:7    | Entered Level 7 of Gehenna
 79643 | Geh:7    | Got a slimy steel ring
 79648 | Geh:7    | Identified the ring of Axaq {+Blink rF+ Stlth+} (You found
                  | it on level 7 of Gehenna)
 79930 | Geh:7    | Found the macabre finger necklace {rN+}
 80031 | Geh:7    | Identified the +7 sceptre of Asmodeus
 80031 | Geh:7    | Noticed Asmodeus
 80045 | Geh:7    | Killed Asmodeus
 80103 | Geh:7    | Got an obsidian rune of Zot
 80287 | Hell     | Was forgiven by Trog
 80294 | Coc:1    | Entered Level 1 of Cocytus
 80415 | Coc:1    | Lost intelligence.
 80849 | Coc:1    | You fall through a shaft!
 81188 | Coc:7    | Entered Level 7 of Cocytus
 81318 | Coc:7    | Noticed the Serpent of Hell
 81332 | Coc:7    | Killed the Serpent of Hell
 81465 | Coc:7    | Lost intelligence.
 81633 | Coc:7    | Noticed Antaeus
 81666 | Coc:7    | Killed Antaeus
 81702 | Coc:7    | Got an icy rune of Zot
 81710 | Coc:7    | Identified Yckivaek's Reference Book on the Volcanoes and
                  | Flight
 81959 | Coc:7    | Found the +2 robe of Vines {NoPotionHeal Regen+7}
 81963 | Coc:7    | Identified the +5 halberd "Otysm" {chop, rPois rF+ MR+}
 82009 | Coc:7    | Identified Sif Muna's Handbook of Earthen Evil Arts
 82326 | Zig:1    | Entered Level 1 of a ziggurat
 82355 | Zig:2    | Entered Level 2 of a ziggurat
 82359 | Zig:2    | Noticed Eluowna the pandemonium lord
 82378 | Zig:2    | Killed Eluowna the pandemonium lord
 82388 | Zig:3    | Entered Level 3 of a ziggurat
 82638 | Zig:4    | Entered Level 4 of a ziggurat
 82687 | Zig:5    | Entered Level 5 of a ziggurat
 82771 | Zig:6    | Entered Level 6 of a ziggurat
 82826 | Zig:7    | Entered Level 7 of a ziggurat
 82832 | Zig:7    | Noticed a juggernaut
 82841 | Zig:7    | Killed a juggernaut
 82900 | Zig:8    | Entered Level 8 of a ziggurat
 82912 | Zig:8    | Noticed an ancient lich
 82920 | Zig:8    | Killed an ancient lich
 82928 | Zig:8    | Paralysed by a vampire knight for 5 turns
 82960 | Zig:8    | Identified the Tome of Transmigration
 83069 | Zig:9    | Entered Level 9 of a ziggurat
 83171 | Zig:9    | Learned a level 3 spell: Recall
 83171 | Zig:9    | Reached skill level 1 in Translocations
 83176 | Zig:9    | Learned a level 2 spell: Blink
 83187 | Zig:10   | Entered Level 10 of a ziggurat
 83273 | Zig:10   | Identified the Catalogue of Protection
 83275 | Zig:10   | Identified the Papyrus of the Clam
 83295 | Zig:10   | Identified the Incunabulum of Destructive Dislocation
 83300 | Zig:10   | Got a dazzling scale mail
 83306 | Zig:10   | Identified the +5 scale mail of the Cuttlefish {+Inv
                  | Slay+3} (You found it on level 10 of a ziggurat)
 83311 | Zig:10   | Got a fine bronze ring
 83315 | Zig:10   | Identified the ring "Ugeg" {rElec EV+4 Int-4 Dex+6} (You
                  | found it on level 10 of a ziggurat)
 83320 | Zig:11   | Entered Level 11 of a ziggurat
 83412 | Zig:11   | Got an ivory long sword
 83417 | Zig:11   | Identified the +5 long sword "Xoifuqoech" {slice, Dex+4}
                  | (You found it on level 11 of a ziggurat)
 83439 | Zig:12   | Entered Level 12 of a ziggurat
 83541 | Zig:12   | Got an iridescent great sword
 83547 | Zig:12   | Identified the cursed +1 great sword of the Rattle-Snake
                  | {slice, *Rage MR+ Dex+4} (You found it on level 12 of a
                  | ziggurat)
 83615 | Zig:12   | Got a wavering iron amulet
 83618 | Zig:12   | Identified the amulet of Wasimid {+Rage rElec} (You found
                  | it on level 12 of a ziggurat)
 83634 | Zig:13   | Entered Level 13 of a ziggurat
 83784 | Zig:13   | Got a wavering turquoise ring
 83803 | Zig:13   | Identified the ring of Guomemp {-Tele rPois Dex+2 Slay+4}
                  | (You found it on level 13 of a ziggurat)
 83811 | Zig:13   | Got a pair of slimy gloves
 83814 | Zig:13   | Identified the +0 pair of gloves of Intuition {Dex+3} (You
                  | found it on level 13 of a ziggurat)
 83830 | Zig:14   | Entered Level 14 of a ziggurat
 83841 | Zig:14   | Noticed an orb of fire
 83856 | Zig:14   | Killed an orb of fire
 83859 | Zig:14   | Reached skill level 27 in Invocations
 83932 | Zig:14   | Found the +0 Maxwell's etheric cage {RegenMP+ *Contam rElec
                  | MP+4}
 83948 | Zig:14   | Got a warped diamond amulet
 83951 | Zig:14   | Identified an amulet of Qowkij {Acrobat rElec rPois rF+
                  | Stlth+} (You found it on level 14 of a ziggurat)
 83952 | Zig:14   | Got a pitted broad axe
 83955 | Zig:14   | Identified the +6 broad axe "Orurecat" {flame, MR+} (You
                  | found it on level 14 of a ziggurat)
 83956 | Zig:14   | Identified the Volume of Conjuration and Ice
 84163 | Zig:15   | Entered Level 15 of a ziggurat
 84281 | Zig:15   | Got a transparent shield
 84284 | Zig:15   | Identified the -6 shield of the Trees {rElec rCorr MP-9
                  | Int-2} (You found it on level 15 of a ziggurat)
 84302 | Zig:15   | Got a smoking rapier
 84305 | Zig:15   | Identified the +6 rapier "Ryaciock" {pierce, *Slow +Rage
                  | rN+ Int+6} (You found it on level 15 of a ziggurat)
 84308 | Zig:15   | Identified the Compendium of Displaced Earth
 84375 | Zig:16   | Entered Level 16 of a ziggurat
 84418 | Zig:16   | Reached skill level 27 in Dodging
 84492 | Zig:16   | Identified Sif Muna's Further Steps in Wizardry
 84527 | Zig:16   | Got a steaming bone ring
 84530 | Zig:16   | Identified the ring "Ydwes" {Str+4 Dex+3 Stlth+} (You found
                  | it on level 16 of a ziggurat)
 84536 | Zig:17   | Entered Level 17 of a ziggurat
 84550 | Zig:17   | Reached skill level 5 in Translocations
 84693 | Zig:17   | Got a faintly humming ring mail
 84696 | Zig:17   | Identified the +2 ring mail of Buplorae {Dex+6} (You found
                  | it on level 17 of a ziggurat)
 84698 | Zig:18   | Entered Level 18 of a ziggurat
 84761 | Zig:18   | Paralysed by accursed screaming for 1 turns
 84765 | Zig:18   | Lost intelligence.
 84770 | Zig:18   | Paralysed by accursed screaming for 2 turns
 84771 | Zig:18   | HP: 9/232 [smoke demon/divine providence (7)]
 84773 | Zig:18   | Paralysed by accursed screaming for 2 turns
 84792 | Zig:18   | Paralysed by accursed screaming for 2 turns
 84853 | Zig:18   | Found the cursed necklace of Bloodlust {*Rage +Rage MR++
                  | Int-3 Slay+6 *Curse}
 84868 | Zig:18   | Got a slimy quarterstaff
 84881 | Zig:18   | Identified the Tome of Bewitchment and Feathers
 84888 | Zig:18   | Got a brightly glowing scimitar
 84913 | Zig:18   | Identified the +1 quarterstaff of Distant Shores {freeze,
                  | +Blink} (You found it on level 18 of a ziggurat)
 84915 | Zig:18   | Identified the +9 scimitar "Ikaaro" {vamp, Fragile Dex+8
                  | Stlth+} (You found it on level 18 of a ziggurat)
 84919 | Zig:18   | Got a transparent copper ring
 84922 | Zig:18   | Identified the ring "Lubutu" {rN+ MR- Str+8 Int+5} (You
                  | found it on level 18 of a ziggurat)
 84948 | Zig:19   | Entered Level 19 of a ziggurat
 85012 | Zig:19   | Reached skill level 15 in Polearms
 85157 | Zig:19   | Got a translucent granite ring
 85161 | Zig:19   | Got a shimmering quarterstaff
 85164 | Zig:19   | Identified the ring of Qaaliseq {Fire rElec Int+3 Dex+6}
                  | (You found it on level 19 of a ziggurat)
 85166 | Zig:19   | Identified the +5 quarterstaff of Balance {holy, Int+3}
                  | (You found it on level 19 of a ziggurat)
 85179 | Zig:19   | Lost mutation: Your body often deteriorates upon taking
                  | damage. [potion of mutation]
 85179 | Zig:19   | Lost mutation: You are frail. (-10% HP) [potion of
                  | mutation]
 85179 | Zig:19   | Lost mutation: Your body sometimes deteriorates upon taking
                  | damage. [potion of mutation]
 85179 | Zig:19   | Lost mutation: Your magical capacity is low. (-10% MP)
                  | [potion of mutation]
 85179 | Zig:19   | Lost mutation: You are very dopey. (Int -4) [potion of
                  | mutation]
 85180 | Zig:19   | Lost mutation: Armour fits poorly on your strangely shaped
                  | body. [potion of mutation]
 85180 | Zig:19   | Lost mutation: You expend magic power (3 MP) to strengthen
                  | your wands. [potion of mutation]
 85180 | Zig:19   | Lost mutation: Scrolls take you longer to read. [potion of
                  | mutation]
 85180 | Zig:19   | Gained mutation: Your system is resistant to poisons.
                  | (rPois) [potion of mutation]
 85193 | Zig:20   | Entered Level 20 of a ziggurat
 85220 | Zig:20   | Found the +4 moon troll leather armour {Spirit, Regen++
                  | MP+5}
 85221 | Zig:20   | Found the +2 shield of Resistance {rF+ rC+ MR+}
 85366 | Zig:21   | Entered Level 21 of a ziggurat
 85559 | Zig:21   | Found the +6 shillelagh "Devastator" {shatter}
 85560 | Zig:21   | Found the +8 longbow "Zephyr" {speed, Dex+3 SInv}
 85635 | Zig:21   | Got a scintillating jade amulet
 85639 | Zig:21   | Identified the amulet of Sotill {Spirit +Blink rF+++ rC-
                  | Str-5} (You found it on level 21 of a ziggurat)
 85640 | Zig:21   | Got a brightly glowing chain mail
 85653 | Zig:21   | Identified the Papyrus of Shifting Flight
 85688 | Zig:22   | Entered Level 22 of a ziggurat
 85988 | Zig:22   | Found the +3 salamander hide armour {+Rage rF++}
 85994 | Zig:22   | Identified A Thorough Guide to the Arcane Arts
 86000 | Zig:22   | Identified the Papyrus of Earthen Dislocation
 86017 | Zig:22   | Identified the Tome of Mutagenic Earth
 86027 | Zig:22   | Identified Hituejisi's Collected Works on Intoxication
 86049 | Zig:22   | Learned a level 3 spell: Lesser Beckoning
 86074 | Zig:23   | Entered Level 23 of a ziggurat
 86106 | Zig:23   | Gained mutation: You are weak. (Str -2) [a shining eye]
 86111 | Zig:23   | Paralysed by a floating eye for 4 turns
 86126 | Zig:23   | Was placed under penance by the Shining One
 86239 | Zig:23   | Identified The Lost Almanac of the Archmage
 86310 | Zig:23   | Identified the +1 chain mail "Dysirane" {*Corrode rElec
                  | Slay+5} (You found it on level 21 of a ziggurat)
 86312 | Zig:23   | Lost mutation: You are dopey. (Int -2) [potion of mutation]
 86312 | Zig:23   | Lost mutation: You are partially covered in yellow scales.
                  | (AC +2) [potion of mutation]
 86312 | Zig:23   | Gained mutation: You are resistant to hostile enchantments.
                  | (MR+) [potion of mutation]
 86312 | Zig:23   | Gained mutation: You are somewhat resistant to further
                  | mutation. [potion of mutation]
 86313 | Zig:23   | Lost mutation: You are somewhat resistant to further
                  | mutation. [potion of mutation]
 86313 | Zig:23   | Lost mutation: Scrolls take you a little longer to read.
                  | [potion of mutation]
 86313 | Zig:23   | Gained mutation: You are agile. (Dex +2) [potion of
                  | mutation]
 86487 | Zig:24   | Entered Level 24 of a ziggurat
 86875 | Zig:24   | Found the +0 mask of the Dragon {MR+ Slay+3 SInv}
 86876 | Zig:24   | Found the brooch of Shielding {Reflect SH+8}
 86889 | Zig:24   | Got an aquamarine-studded chain mail
 86896 | Zig:24   | Identified the +12 chain mail of Dim Light {rF+ rC+ MR+}
                  | (You found it on level 24 of a ziggurat)
 86898 | Zig:24   | Got a steaming brass ring
 86944 | Zig:24   | Identified the Grimoire of Assistive Air
 86972 | Zig:24   | Got a glittering turquoise ring
 86975 | Zig:24   | Identified Sif Muna's Grimoire of Helpful Evil Arts
 87044 | Zig:25   | Entered Level 25 of a ziggurat
 87104 | Zig:25   | Noticed a greater mummy
 87108 | Zig:25   | Noticed a greater mummy
 87108 | Zig:25   | Noticed a greater mummy
 87108 | Zig:25   | Noticed a greater mummy
 87108 | Zig:25   | Noticed a greater mummy
 87112 | Zig:25   | Noticed a greater mummy
 87112 | Zig:25   | Noticed a greater mummy
 87112 | Zig:25   | Noticed a greater mummy
 87118 | Zig:25   | Killed a greater mummy
 87118 | Zig:25   | Was forgiven by the Shining One
 87118 | Zig:25   | Killed a greater mummy
 87118 | Zig:25   | Killed a greater mummy
 87118 | Zig:25   | Killed a greater mummy
 87118 | Zig:25   | Noticed a greater mummy
 87119 | Zig:25   | Killed a greater mummy
 87119 | Zig:25   | Killed a greater mummy
 87120 | Zig:25   | Noticed a greater mummy
 87128 | Zig:25   | Noticed a greater mummy
 87132 | Zig:25   | Noticed a greater mummy
 87137 | Zig:25   | Killed a greater mummy
 87137 | Zig:25   | Reached skill level 27 in Polearms
 87159 | Zig:25   | Killed a greater mummy
 87159 | Zig:25   | Reached skill level 10 in Translocations
 87166 | Zig:25   | Killed a greater mummy
 87231 | Zig:25   | Killed a greater mummy
 87242 | Zig:25   | Killed a greater mummy
 87251 | Zig:25   | Killed a greater mummy
 87435 | Zig:25   | Got a scorched platinum ring
 87436 | Zig:25   | Identified the Almanac of Unstable Moulding
 87449 | Zig:25   | Got a shimmering lead amulet
 87494 | Zig:25   | Found the +3 crown of Dyrovepreva {rElec Int+2 SInv}
 87517 | Zig:26   | Entered Level 26 of a ziggurat
 87538 | Zig:26   | Noticed Suory the pandemonium lord
 87542 | Zig:26   | Noticed Kouthruon the pandemonium lord
 87543 | Zig:26   | Noticed Memniaph the pandemonium lord
 87560 | Zig:26   | Killed Suory the pandemonium lord
 87562 | Zig:26   | Noticed Nolamas the pandemonium lord
 87566 | Zig:26   | Noticed Hathaag the pandemonium lord
 87580 | Zig:26   | Killed Memniaph the pandemonium lord
 87586 | Zig:26   | Noticed Tiumn the pandemonium lord
 87590 | Zig:26   | Killed Kouthruon the pandemonium lord
 87600 | Zig:26   | Killed Nolamas the pandemonium lord
 87600 | Zig:26   | Noticed Gejol the pandemonium lord
 87611 | Zig:26   | Killed Hathaag the pandemonium lord
 87623 | Zig:26   | Killed Tiumn the pandemonium lord
 87629 | Zig:26   | Killed Gejol the pandemonium lord
 87647 | Zig:26   | Noticed Tehagug the pandemonium lord
 87662 | Zig:26   | Killed Tehagug the pandemonium lord
 87663 | Zig:26   | Noticed Mukekhas the pandemonium lord
 87676 | Zig:26   | Killed Mukekhas the pandemonium lord
 87683 | Zig:26   | Noticed Tiwoc the pandemonium lord
 87713 | Zig:26   | Killed Tiwoc the pandemonium lord
 87732 | Zig:26   | Noticed Ziubloem the pandemonium lord
 87743 | Zig:26   | Noticed Batt the pandemonium lord
 87762 | Zig:26   | Killed Ziubloem the pandemonium lord
 87773 | Zig:26   | Killed Batt the pandemonium lord
 87899 | Zig:26   | Got fine quicksilver dragon scales
 87910 | Zig:26   | Identified the cursed quicksilver dragon scales of the
                  | Bells {rN+ MR+ Str-5 Dex+2} (You found it on level 26 of a
                  | ziggurat)
 87954 | Zig:26   | Got a sparkling jade ring
 87968 | Zig:26   | Identified the ring "Puguoz" {MP+9 Str-5 Int+2 Stlth+} (You
                  | found it on level 24 of a ziggurat)
 87969 | Zig:26   | Identified the ring of Dishonour {MR+ Str+2} (You found it
                  | on level 24 of a ziggurat)
 87970 | Zig:26   | Identified the ring "Jesuir" {Fire Str+2} (You found it on
                  | level 25 of a ziggurat)
 87980 | Zig:26   | Got a bloodstained glaive
 88000 | Zig:27   | Entered Level 27 of a ziggurat
 88025 | Zig:27   | Reached skill level 15 in Translocations
 88309 | Zig:27   | Identified Kikubaaqudgha's Tome of Unholy Magic
 88311 | Zig:27   | Identified the Volume of Bewitchment
 88323 | Zig:27   | Identified the Handbook of Nocuous Beguiling
 88350 | Zig:27   | Identified the ring of Issag {rC+ MP+9} (You found it on
                  | level 26 of a ziggurat)
 88351 | Zig:27   | Identified the amulet "Dicrarar" {Spirit rN+ MR+ Str-2
                  | Int+6} (You found it on level 25 of a ziggurat)
 88357 | Zig:27   | Got a bloodstained chain mail
 88371 | Zig:27   | Got a smoking flail
 88385 | Zig:27   | Got a warped quarterstaff
 88399 | Zig:27   | Got a steaming long sword
 88751 | Elf:2    | Bought a potion of heal wounds for 100 gold pieces
 88751 | Elf:2    | Bought a scroll of teleportation for 60 gold pieces
 89046 | Vaults:5 | Bought a scroll of identify for 22 gold pieces
 89046 | Vaults:5 | Bought a scroll of teleportation for 33 gold pieces
 89046 | Vaults:5 | Bought a scroll of identify for 22 gold pieces
 89046 | Vaults:5 | Bought a scroll of teleportation for 33 gold pieces
 89057 | Vaults:5 | Bought a scroll of fog for 46 gold pieces
 89057 | Vaults:5 | Bought a scroll of magic mapping for 80 gold pieces
 89057 | Vaults:5 | Bought a scroll of identify for 46 gold pieces
 89057 | Vaults:5 | Bought a scroll of magic mapping for 80 gold pieces
 89078 | Vaults:5 | Bought a potion of curing for 48 gold pieces
 89078 | Vaults:5 | Bought a potion of curing for 48 gold pieces
 89078 | Vaults:5 | Bought a potion of curing for 48 gold pieces
 89430 | Pan      | Entered Pandemonium
 89712 | Pan      | Noticed Miaqyeh the pandemonium lord
 89726 | Pan      | Killed Miaqyeh the pandemonium lord
 90123 | Pan      | Entered the realm of Cerebov.
 90585 | Pan      | Identified the +6 sword of Cerebov {flame}
 90585 | Pan      | Noticed Cerebov
 90586 | Pan      | Reached skill level 10 in Summonings
 90613 | Pan      | Killed Cerebov
 90674 | Pan      | Identified the Papyrus of Enthralling Evil Arts
 90712 | Pan      | Got an iridescent mace
 90766 | Pan      | Got a fiery rune of Zot
 91552 | Pan      | Noticed Yrumiph the pandemonium lord
 91562 | Pan      | Killed Yrumiph the pandemonium lord
 92262 | Pan      | Entered the realm of Mnoleg.
 92271 | Pan      | Lost intelligence.
 92428 | Pan      | Gained mutation: Your body sometimes deteriorates upon
                  | taking damage. [a cacodemon]
 92940 | Pan      | Noticed Mnoleg
 92954 | Pan      | Killed Mnoleg
 93042 | Pan      | Got a glowing rune of Zot
 93369 | Pan      | Found an exit through the horrors of the Abyss.
 93574 | Pan      | Noticed Kacunn the pandemonium lord
 93597 | Pan      | Killed Kacunn the pandemonium lord
 93605 | Pan      | Lost mutation: You are agile. (Dex +2) [a neqoxec]
 93613 | Pan      | Got a demonic rune of Zot
 93806 | Pan      | Noticed Ignacio
 93931 | Pan      | Killed Ignacio
 94239 | Pan      | Noticed Zesko the pandemonium lord
 94253 | Pan      | Killed Zesko the pandemonium lord
 94858 | Pan      | Noticed Mennas
 94871 | Pan      | Killed Mennas
 95261 | Pan      | Noticed Luqizose the pandemonium lord
 95272 | Pan      | Killed Luqizose the pandemonium lord
 96183 | Pan      | Found an exit through the horrors of the Abyss.
 96949 | Pan      | Entered the realm of Gloorx Vloq.
 97125 | Pan      | Noticed Gloorx Vloq
 97885 | Pan      | Got a dark rune of Zot
 98056 | Pan      | Killed Gloorx Vloq
 98306 | Pan      | Noticed Soquizye the pandemonium lord
 98317 | Pan      | Killed Soquizye the pandemonium lord
 98563 | Pan      | Found an exit through the horrors of the Abyss.
 98789 | Pan      | Entered the realm of Lom Lobon.
 98843 | Pan      | Found an exit through the horrors of the Abyss.
 99576 | Pan      | Noticed Lom Lobon
 99601 | Pan      | Killed Lom Lobon
 99657 | Pan      | Got a magical rune of Zot
 99862 | Pan      | Lost mutation: Your body sometimes deteriorates upon taking
                  | damage. [a cacodemon]
100168 | Pan      | Noticed Sunelu the pandemonium lord
100181 | Pan      | Killed Sunelu the pandemonium lord
100218 | Depths:3 | Escaped Pandemonium
100586 | Tomb:1   | Entered Level 1 of the Tomb of the Ancients
100991 | Tomb:1   | Noticed a greater mummy
100998 | Tomb:1   | Killed a greater mummy
100998 | Tomb:1   | Noticed a greater mummy
101004 | Tomb:1   | Killed a greater mummy
101359 | Tomb:2   | Noticed a greater mummy
101360 | Tomb:2   | Noticed a greater mummy
101360 | Tomb:2   | Noticed a greater mummy
101362 | Tomb:2   | Noticed an ancient lich
101372 | Tomb:2   | Killed an ancient lich
101374 | Tomb:2   | Killed a greater mummy
101377 | Tomb:2   | Killed a greater mummy
101377 | Tomb:2   | Killed a greater mummy
101594 | Tomb:3   | Entered Level 3 of the Tomb of the Ancients
101605 | Tomb:3   | Noticed a greater mummy
101606 | Tomb:3   | Noticed a greater mummy
101609 | Tomb:3   | Noticed a greater mummy
101610 | Tomb:3   | Killed a greater mummy
101610 | Tomb:3   | Killed a greater mummy
101612 | Tomb:3   | Noticed a greater mummy
101616 | Tomb:3   | Killed a greater mummy
101617 | Tomb:3   | HP: 4/256 [ushabti] (11)]
101621 | Tomb:3   | The Shining One protects you from harm!
101622 | Tomb:3   | The Shining One protects you from harm!
101622 | Tomb:3   | Succumbed to poison (dark miasma)

Vault maps used:
D:1:      evilmike_arrival_plus
D:3:      grunt_temple_overflow_forces_of_nature, uniq_natasha
D:4:      first_ration
D:5:      uniq_blork_the_orc
D:6:      chequers_temple_overflow_statue_of_worship, temple_doors_ab,
          uniq_eustachio, uniq_pikel
D:7:      uniq_prince_ribbit1
D:8:      hangedman_ranch, nicolae_ru_path_of_blood
D:9:      nemelex_xobeh_ov_fountains_minmay, uniq_grum, uniq_erolcha
D:10:     david_lair_shrubbed, hangedman_feature_mirror
D:11:     david_orc_4, uniq_sonja
D:12:     uniq_kirke, uniq_frances
D:13:     lightli_vaults_fourway_checkpoint, basic_altar, gammafunk_ghost_smash,
          kennysheep_boxes
D:14:     dk_noncrumbling_4, serial_glass, glass_columns_b, glass_columns_c,
          minivault_26, grunt_tough_drop
D:15:     gammafunk_enter_depths_forms, enter_trove_6
Temple:   nicolae_temple_elliptical
Lair:1:   beast_lair_carwin_7, uniq_joseph, uniq_harold, uniq_urug
Lair:2:   basic_altar, grunt_megastairs_1
Lair:3:   minmay_snake_entry_guardpost_medium
Lair:4:   swamp_mist_pool, basic_altar, minmay_another_anthill,
          grunt_megastairs_2
Lair:5:   grunt_megastairs_4, serial_bayou_shore_a, uniq_josephine
Lair:6:   gammafunk_lair_ancient_temple, slime_altar_1,
          infiniplex_staircase_pool_2, uniq_snorg, uniq_nessos
Swamp:1:  wheals_swamp_sinkhole, swamp_pool5
Swamp:2:  evilmike_swamp_ruin_house_4, swamp_pool1
Swamp:3:  evilmike_swamp_ruin_house_2, swamp_pool5, st_swamp_ruins_1,
          infiniplex_staircase_pool, uniq_nikola
Swamp:4:  swamp_old_school, grunt_lady_of_the_lake
Snake:1:  serial_bayou_shore_b, uniq_roxanne
Snake:2:  basic_altar
Snake:3:  nicolae_snake_linked_coils, lemuel_fruit_tree, uniq_vashnia
Snake:4:  johnstein_snake_rune_scales
Slime:1:  cheibrodos_slime_lost_civilization_7
Slime:2:  nicolae_slime_welcoming_committee
Orc:1:    nicolae_orc_accident_1, serial_shops, shop, abandoned_shop,
          library_closet
Orc:2:    st_orc_mages, minmay_orc_treasury
Elf:1:    minmay_elf_demonology, uniq_donald
Elf:2:    serial_glass, glass_columns_a, glass_columns_a, item_on_display_a,
          serial_shops, nicolae_shop_crystal, sword_in_stone, uniq_saint_roka
Elf:3:    elf_hall_gauntlet_narrow, serial_shops, nicolae_shop_behind_doors
Vaults:1: v_misc_14, nicolae_vaults_yaktaur_gun_rack, kb_rosetta,
          nicolae_vaults_stairing_the_circle, nicolae_vaults_border_crossing,
          nicolae_vaults_rhombus_5, vaults_room_corners, vaults_room_pool,
          v_alt_pattern_1, hangedman_vaults_impose, v_rooms_4, basic_altar
Vaults:2: v_pattern_2, hangedman_vaults_snaps, nicolae_vaults_branching_niches,
          hangedman_vaults_pinch, v_misc_9, v_misc_5, v_misc_2,
          vaults_dpeg_ring, serial_hangedman_research
Vaults:3: dpeg_vaults_monster_box, vaults_room_semicircle,
          hangedman_vaults_cutoff, nicolae_vaults_network_quinsquares,
          hangedman_vaults_nodes, minmay_crypt_entry_skeletal_spiral,
          vaults_room_door_hall, minmay_guarded_unrand_secular_launcher,
          serial_ice_g, nicolae_vaults_little_squares_3,
          vaults_dpeg_encased_lava, uniq_mara
Vaults:4: v_misc_28, nicolae_vaults_arrows, ontoclasm_vaults_decontamination,
          serial_ice_g, ontoclasm_vaults_claustrophobia, v_misc_11, v_misc_24,
          ontoclasm_vaults_twist, ontoclasm_vaults_fault,
          vaults_room_stairs_pillars
Vaults:5: serial_shops
Crypt:1:  basic_altar, uniq_jory, uniq_sojobo
Crypt:3:  due_elkab, tomb_entry_simple_bobbens, uniq_bai_suzhen
Tomb:2:   uniq_mennas
Depths:1: hangedman_coc_ice_floe, nrook_pool_corridor,
          ebering_ghost_disaster_area, minmay_metal_thing
Depths:2: minmay_strange_plus, nicolae_lava_and_water, hell_entry, abyss_entry,
          minmay_misc_feat_x, infiniplex_staircase_pool_lava
Depths:3: grunt_twist_and_shout, enter_ziggurat_e, pan_entry,
          serial_co_window_serial, co_window_paths_b, co_window_paths_a,
          co_window_corner_a, co_window_paths_b, co_window_paths_a,
          co_window_corner_a, co_window_of_opportunity_a, co_window_cross_3,
          co_window_broadway_b, co_window_of_opportunity_c, co_window_cross_3,
          co_window_of_opportunity_b, co_window_of_opportunity_c,
          co_window_cross_2, glass_columns_b, glass_columns_a, hell_entry,
          chequers_serial_rivers_micro_c
Depths:4: minmay_open_boxes_in_corner, abyss_entry_crystal,
          pf_hell_entry_tar_river, minmay_shop_star,
          infiniplex_staircase_squiggle, grunt_megastairs_3
Depths:5: grunt_zot_entry_bicorn, nrook_uturn, grunt_hell_entry_demonic_statue,
          uniq_enchantress
Dis:1:    hangedman_dis_decor_blocks_crown
Dis:4:    evilmike_ambush
Dis:6:    evilmike_ambush
Dis:7:    iron_city_of_dis
Geh:2:    gehenna_fire_generator
Geh:7:    geh_grunt
Coc:7:    coc_hangedman
Tar:5:    nicolae_tar_cuneiform_bird
Tar:7:    tar_grunt_cathedral
Zot:2:    hangedman_zot_decor_checkerboard
Zot:4:    grunt_zot_stairs_faceoff
Pan:      evilmike_mini_pan_corridor, nicolae_pan_gloorx_vloqian_1,
          cerebov_grunt, grunt_pan_sceptre, pan_blood_fountain,
          nicolae_pan_cerebovesque_3, mnoleg_st, nicolae_pan_cerebovesque_4,
          rand_demon_5, evilmike_mini_pan_other_thingy, uniq_ignacio,
          pan_blood_fountain, pan_blood_fountain_2, evilmike_mini_pan_corner,
          uniq_mennas_pan, evilmike_mini_pan_pillars,
          nicolae_pan_gloorx_vloqian_1, gloorx_vloq_st,
          pan_blood_fountain_small, evilmike_mini_pan_layers,
          lom_lobon_spiral_st, evilmike_mini_pan_rooms, pan_blood_fountain_2
Zig:1:    ziggurat_pillar_centre_c
Zig:8:    ziggurat_pillar_centre_oklobs
Zig:11:   ziggurat_pillar_centre_smoke
Zig:25:   ziggurat_pillar_centre_more_plants
Trove:    trove_garden

Skill      XL: |  1  2  3  4  5  6  7  8  9 10 11 12 13 14 15 16 17 18 19 20 21 22 23 24 25 26 27 |
---------------+----------------------------------------------------------------------------------+-----
Axes           | 4 5 6 7 8 9 10 | 10.9
Fighting       | 4 5 6 7 8 10 11 12 13 15 18 20 21 22 23 24 25 27 | 27.0
Armour         | 3 4 6 7 10 12 13 14 15 16 17 18 19 21 23 25 27 | 27.0
Dodging        | 3 4 5 6 8 9 10 11 12 13 14 15 18 19 27 | 27.0
Maces & Flails | 6 10 12 14 27 | 27.0
Shields        | 4 8 10 13 15 18 20 22 25 26 27 | 27.0
Polearms       | 10 27 | 27.0
Crossbows      | 7 10 | 10.0
Invocations    | 27 | 27.0
Summonings     | 11 | 11.5
Translocations | 24 | 24.4

Action                   |  1- 3 |  4- 6 |  7- 9 | 10-12 | 13-15 | 16-18 | 19-21 | 22-24 | 25-27 || total
-------------------------+-------+-------+-------+-------+-------+-------+-------+-------+-------++-------
Melee: Hand axe          |    59 |   117 |    41 |       |       |       |       |       |       ||   217
       Headbutt          |     9 |    16 |    35 |   171 |   353 |   384 |   689 |   945 |  3809 ||  6411
       Whip              |       |       |   131 |       |       |       |       |       |       ||   131
       Mace              |       |       |    59 |   647 |   113 |       |       |       |       ||   819
       Morningstar       |       |       |       |       |  1076 |   273 |       |       |       ||  1349
       Demon whip        |       |       |       |       |       |   892 |  1749 |  2121 |   214 ||  4976
       Spear             |       |       |       |       |       |       |       |       |  3501 ||  3501
       Sacred scourge    |       |       |       |       |       |       |       |       |  3792 ||  3792
       Lance             |       |       |       |       |       |       |       |       |  3630 ||  3630
 Fire: Hand crossbow     |       |       |       |       |       |       |       |       |    46 ||    46
 Cast: Summon Butterflie |       |       |       |       |       |       |       |       |     5 ||     5
       Recall            |       |       |       |       |       |       |       |       |     1 ||     1
Invok: Berserk           |     2 |     3 |     6 |    21 |    24 |    18 |    15 |     6 |     1 ||    96
       Trog's Hand       |       |     2 |     4 |     7 |     8 |     7 |    29 |    17 |    14 ||    88
       Brothers in Arms  |       |       |     1 |     4 |     5 |     7 |     8 |     2 |    11 ||    38
       Cleansing Flame   |       |       |       |       |       |       |       |       |   125 ||   125
       Summon Divine War |       |       |       |       |       |       |       |       |    83 ||    83
       Divine Shield     |       |       |       |       |       |       |       |       |    60 ||    60
       Brand Weapon With |       |       |       |       |       |       |       |       |     1 ||     1
 Abil: Evoke Flight      |       |       |       |       |       |       |       |       |     1 ||     1
Evoke: Sack of spiders   |       |       |       |     1 |       |       |       |       |     2 ||     3
       Wand              |       |       |       |     1 |       |       |       |       |     1 ||     2
  Use: Scroll            |       |       |     7 |    10 |    11 |     6 |    11 |     8 |   107 ||   160
       Potion            |       |       |       |     2 |     1 |     3 |     4 |       |    66 ||    76
 Stab: Petrified         |       |       |       |       |     4 |       |       |       |       ||     4
       Paralysed         |       |       |       |       |       |     3 |     5 |     3 |       ||    11
       Distracted        |       |       |       |       |       |     1 |     4 |     5 |     3 ||    13
       Petrifying        |       |       |       |       |       |     1 |       |     2 |       ||     3
       Invisible         |       |       |       |       |       |       |     9 |       |       ||     9
       Confused          |       |       |       |       |       |       |     5 |     7 |       ||    12
  Eat: Chunk             |     2 |    17 |    21 |    48 |    60 |    49 |    61 |    26 |    53 ||   337
       Ration            |       |       |       |       |       |       |       |     5 |    50 ||    55
Armor: Leather armour    |    11 |       |       |       |       |       |       |       |       ||    11
       Animal skin       |     1 |       |       |       |       |       |       |       |       ||     1
       Ring mail         |     5 |    28 |       |       |       |       |       |       |       ||    33
       Scale mail        |       |    24 |   103 |   289 |   327 |       |       |       |       ||   743
       Skin              |       |       |       |     8 |       |       |       |       |       ||     8
       Plate armour      |       |       |       |       |    10 |       |   123 |   288 |   140 ||   561
       Chain mail        |       |       |       |       |    49 |   228 |    72 |       |       ||   349
       Gold dragon scale |       |       |       |       |       |       |       |       |  1557 ||  1557
Dodge: Dodged            |    38 |    73 |   130 |   353 |   555 |   385 |   422 |   462 |  3737 ||  6155
Block: Shield            |       |       |       |   361 |  1049 |   798 |       |       |       ||  2208
       Large shield      |       |       |       |       |       |    86 |  1533 |  2100 | 12149 || 15868
       Reflection        |       |       |       |       |       |       |     3 |   137 |   281 ||   421

Table legend:
 A = Non-vault XP
 B = Vault XP
 C = Vault XP percentage of total XP
 D = Non-vault monster count
 E = Vault monster count
 F = Vault count percentage of total count
                 A         B        C        D         E       F
            +---------+---------+-------+---------+---------+-------
      Total | 2975518 | 1624584 |  35.3 |    4332 |    1580 |  26.7
            +---------+---------+-------+---------+---------+-------
        D:1 |      14 |       0 |   0.0 |       8 |       0 |   0.0
        D:2 |      87 |       0 |   0.0 |      22 |       0 |   0.0
        D:3 |     115 |      35 |  23.3 |      29 |       1 |   3.3
        D:4 |     257 |       0 |   0.0 |       7 |       0 |   0.0
        D:5 |     245 |      96 |  28.2 |      10 |       1 |   9.1
        D:6 |     451 |     848 |  65.3 |      15 |       2 |  11.8
        D:7 |    1703 |     277 |  14.0 |      27 |       1 |   3.6
        D:8 |     786 |    1882 |  70.5 |      22 |       8 |  26.7
        D:9 |    2666 |    1446 |  35.2 |      32 |       4 |  11.1
       D:10 |    2749 |     622 |  18.5 |      25 |       2 |   7.4
       D:11 |    7256 |    1281 |  15.0 |      41 |      17 |  29.3
       D:12 |    4691 |    4770 |  50.4 |      32 |       4 |  11.1
       D:13 |    6398 |   11302 |  63.9 |      29 |      20 |  40.8
       D:14 |   13493 |    1749 |  11.5 |      38 |       4 |   9.5
       D:15 |   16279 |    5833 |  26.4 |      44 |      13 |  22.8
     Lair:1 |    4008 |    2129 |  34.7 |      18 |       6 |  25.0
     Lair:2 |    3766 |     622 |  14.2 |      17 |       3 |  15.0
     Lair:3 |    6916 |     639 |   8.5 |      25 |       4 |  13.8
     Lair:4 |    5828 |    6681 |  53.4 |      20 |      39 |  66.1
     Lair:5 |   16679 |    5392 |  24.4 |      52 |      12 |  18.8
     Lair:6 |    9506 |   13373 |  58.5 |      34 |      28 |  45.2
    Swamp:1 |   12230 |     407 |   3.2 |      31 |       3 |   8.8
    Swamp:2 |   11994 |       0 |   0.0 |      24 |       0 |   0.0
    Swamp:3 |   12437 |    7169 |  36.6 |      36 |       9 |  20.0
    Swamp:4 |   12998 |   15079 |  53.7 |      36 |      22 |  37.9
    Snake:1 |   28514 |    1809 |   6.0 |      55 |       1 |   1.8
    Snake:2 |   11236 |       0 |   0.0 |      20 |       0 |   0.0
    Snake:3 |   25315 |    9113 |  26.5 |      56 |       6 |   9.7
    Snake:4 |   20041 |   30459 |  60.3 |      47 |      65 |  58.0
    Slime:1 |   24871 |    3471 |  12.2 |      30 |       3 |   9.1
    Slime:2 |   13412 |    1030 |   7.1 |      31 |       4 |  11.4
    Slime:3 |    3576 |       0 |   0.0 |       8 |       0 |   0.0
    Slime:4 |   22429 |    2412 |   9.7 |      43 |       1 |   2.3
    Slime:5 |   22783 |   26669 |  53.9 |      42 |      10 |  19.2
      Orc:1 |     528 |       0 |   0.0 |      17 |       0 |   0.0
      Orc:2 |    4517 |   13152 |  74.4 |      53 |      78 |  59.5
      Elf:1 |   17652 |    6023 |  25.4 |      28 |       8 |  22.2
      Elf:2 |   16360 |   30136 |  64.8 |      25 |      46 |  64.8
      Elf:3 |   17940 |   41589 |  69.9 |      28 |      29 |  50.9
   Vaults:1 |   47699 |   22000 |  31.6 |      82 |      34 |  29.3
   Vaults:2 |   28886 |   25658 |  47.0 |      65 |      34 |  34.3
   Vaults:3 |   48090 |   48420 |  50.2 |      72 |      64 |  47.1
   Vaults:4 |   24564 |   19401 |  44.1 |      43 |      38 |  46.9
   Vaults:5 |   17849 |  130311 |  88.0 |      32 |      97 |  75.2
    Crypt:1 |   31720 |   14414 |  31.2 |      56 |       4 |   6.7
    Crypt:2 |   27895 |       0 |   0.0 |      41 |       0 |   0.0
    Crypt:3 |   33978 |   49066 |  59.1 |      39 |      67 |  63.2
     Tomb:1 |    8744 |   43278 |  83.2 |      14 |      45 |  76.3
     Tomb:2 |    9200 |   42026 |  82.0 |      17 |      29 |  63.0
     Tomb:3 |   11165 |   41705 |  78.9 |      22 |      42 |  65.6
   Depths:1 |   16414 |   12864 |  43.9 |      21 |       5 |  19.2
   Depths:2 |   32452 |   14851 |  31.4 |      45 |       9 |  16.7
   Depths:3 |   35101 |    6788 |  16.2 |      37 |       5 |  11.9
   Depths:4 |   22776 |   13533 |  37.3 |      21 |      15 |  41.7
   Depths:5 |   30044 |   40348 |  57.3 |      31 |      47 |  60.3
       Hell |   26377 |   25180 |  48.8 |      38 |      38 |  50.0
      Dis:1 |   18507 |     847 |   4.4 |      46 |       4 |   8.0
      Dis:2 |   24342 |       0 |   0.0 |      51 |       0 |   0.0
      Dis:3 |    2770 |       0 |   0.0 |       5 |       0 |   0.0
      Dis:5 |    2715 |     636 |  19.0 |       9 |       3 |  25.0
      Dis:6 |   15845 |   13076 |  45.2 |      34 |      24 |  41.4
      Dis:7 |   17448 |   97711 |  84.8 |      32 |      72 |  69.2
      Geh:1 |   26293 |       0 |   0.0 |      55 |       0 |   0.0
      Geh:2 |     947 |       0 |   0.0 |       5 |       0 |   0.0
      Geh:3 |   10777 |       0 |   0.0 |      29 |       0 |   0.0
      Geh:4 |   15198 |       0 |   0.0 |      47 |       0 |   0.0
      Geh:5 |   18199 |       0 |   0.0 |      37 |       0 |   0.0
      Geh:6 |   18329 |       0 |   0.0 |      54 |       0 |   0.0
      Geh:7 |   45499 |   54483 |  54.5 |      82 |      43 |  34.4
      Coc:1 |    6370 |       0 |   0.0 |      23 |       0 |   0.0
      Coc:2 |    2207 |       0 |   0.0 |       4 |       0 |   0.0
      Coc:3 |   33527 |       0 |   0.0 |      28 |       0 |   0.0
      Coc:4 |    1798 |       0 |   0.0 |       6 |       0 |   0.0
      Coc:5 |    9821 |       0 |   0.0 |      10 |       0 |   0.0
      Coc:6 |   11253 |       0 |   0.0 |      29 |       0 |   0.0
      Coc:7 |   33492 |   86154 |  72.0 |      64 |      78 |  54.9
      Tar:1 |   57665 |       0 |   0.0 |      94 |       0 |   0.0
      Tar:2 |    4401 |       0 |   0.0 |       8 |       0 |   0.0
      Tar:3 |   31678 |       0 |   0.0 |      48 |       0 |   0.0
      Tar:4 |   32696 |       0 |   0.0 |      31 |       0 |   0.0
      Tar:5 |   21613 |       0 |   0.0 |      26 |       0 |   0.0
      Tar:6 |   16733 |       0 |   0.0 |      28 |       0 |   0.0
      Tar:7 |   89915 |  112249 |  55.5 |     101 |      69 |  40.6
      Zot:1 |   44292 |       0 |   0.0 |      27 |       0 |   0.0
      Zot:2 |   42747 |       0 |   0.0 |      32 |       0 |   0.0
      Zot:3 |   63495 |       0 |   0.0 |      39 |       0 |   0.0
      Zot:4 |   68156 |   24311 |  26.3 |      38 |      14 |  26.9
      Zot:5 |   51285 |  159650 |  75.7 |      34 |      39 |  53.4
        Pan |  333377 |  273315 |  45.1 |     420 |     198 |  32.0
      Zig:1 |    2305 |       0 |   0.0 |       4 |       0 |   0.0
      Zig:2 |   16687 |       0 |   0.0 |       1 |       0 |   0.0
      Zig:3 |    4588 |       0 |   0.0 |       3 |       0 |   0.0
      Zig:4 |    2272 |       0 |   0.0 |       7 |       0 |   0.0
      Zig:5 |    7009 |       0 |   0.0 |       5 |       0 |   0.0
      Zig:6 |    4649 |       0 |   0.0 |       8 |       0 |   0.0
      Zig:7 |   13740 |       0 |   0.0 |      13 |       0 |   0.0
      Zig:8 |   13800 |    4367 |  24.0 |       9 |       8 |  47.1
      Zig:9 |   19192 |       0 |   0.0 |      10 |       0 |   0.0
     Zig:10 |   18949 |       0 |   0.0 |      12 |       0 |   0.0
     Zig:11 |   20627 |       0 |   0.0 |      23 |       0 |   0.0
     Zig:12 |   12187 |       0 |   0.0 |      19 |       0 |   0.0
     Zig:13 |   23733 |       0 |   0.0 |      31 |       0 |   0.0
     Zig:14 |   31645 |       0 |   0.0 |      32 |       0 |   0.0
     Zig:15 |   31980 |       0 |   0.0 |      34 |       0 |   0.0
     Zig:16 |   37630 |     447 |   1.2 |      37 |       1 |   2.6
     Zig:17 |   25544 |       0 |   0.0 |      36 |       0 |   0.0
     Zig:18 |   35645 |       0 |   0.0 |      66 |       0 |   0.0
     Zig:19 |   65901 |       0 |   0.0 |      36 |       0 |   0.0
     Zig:20 |   59204 |       0 |   0.0 |      43 |       0 |   0.0
     Zig:21 |   43504 |       0 |   0.0 |      54 |       0 |   0.0
     Zig:22 |   41581 |       0 |   0.0 |      69 |       0 |   0.0
     Zig:23 |   46262 |       0 |   0.0 |      51 |       0 |   0.0
     Zig:24 |   73020 |       0 |   0.0 |      78 |       0 |   0.0
     Zig:25 |  113911 |       0 |   0.0 |     100 |       0 |   0.0
     Zig:26 |  156759 |       0 |   0.0 |      57 |       0 |   0.0
     Zig:27 |   44124 |       0 |   0.0 |      85 |       0 |   0.0
            +---------+---------+-------+---------+---------+-------
